Workbook
Name Grupo: #REF!

Sheet Instrucciones
A1: Instrucciones
A2: Revise estas instrucciones para ayudar a completar los cuadros de este documento. Si no se completan los cuadros requeridos (grises), esto podrá generar retrasos en la certificación. Todas las celdas marcadas en gris deben de ser completadas o actualizadas por el operador al completar este documento. Las celdas en azul serán marcadas por el operador y el inspector externo durante la inspección. Leer la hoja llamada Definiciones para asegurarse que cada celda en gris sea llenada correctamente. Para cualquier nuevo productor que ha estado bajo la supervisión del SCI y presentados a OCIA desde su admisión al programa orgánico del grupo, el productor debe mostrar pruebas que no ha utilizado sustancias sintéticas o insumos prohibidos y debe ser inspeccionado internamente por al menos tres años. Después de las tres primeras inspecciones internas y de la primera inspección externa, su cosecha será elegible para la certificación NOP. Indique claramente los productores que han cumplido con tres inspecciones internas y que serán sometidos a una primera inspección externa. Recuerde tener las evidencias que serán presentadas al inspector externo.
A3: ID de OCIA de la Operación:
A4: Nombre del Grupo de Productores Comunitarios (CGG, por sus siglas en Inglés):
A6: Reglas Generales para el Llenado:
A7: Evite utilizar las siguientes letras en los nombres de los productores para evitar errores en los sistemas del NOP (OID) y la UE (TRACES): Á, É, Í, Ó, Ú, á, é, í,ó, ú.
A8: Usted puede añadir datos importantes de cada producto y de su SCI en la columna "Nota 1 al 5". Solo necesita completar las pestañas de los programas para los que solicita certificación.
A9: Para realizar filtros y grupos de productores por cualidades específicas de sus datos, favor de utilizar los filtros de la descripción de los datos de cada columna. Para más información de cómo hacer esto, visite la página de ayuda de Excel: https://support.microsoft.com/es-es/office/filtrar-los-datos-de-una-tabla-o-un-rango-01832226-31b5-4568-8806-38c37dcc180e
A10: El formato de todas las fechas siempre deberá de ser Mes-Dia-Año si su computadora tiene ajustes de lenguaje en Español. Excel detectara automáticamente y es posible que las fechas cambien a Dia-Mes-Año.
A11: Todas las celdas con fondo en blanco están bloqueadas y no deben ser modificadas. Tampoco se tiene permitido modificar el formato de esta documentación al ser estandarizado por las regulaciones.
A12: Algunas hojas son tablas dinamicas (pivot) que se modifican automaticamente. Para refrescar los datos de estas hoja, necesita ir a la pestaña de datos y refrescar todo. Para mas información visite la siguiente liga: https://support.microsoft.com/es-es/excel/get-started/create-a-pivottable-to-analyze-worksheet-data
A13: Todas las celdas con fondo en azul y texto en blanco deben de ser modificadas durante la inspección externa junto con el inspector.
A15: Apéndice 1: Productores NOP (Estados Unidos). | B15: Complete este cuadro para listar a los productores que participan en el programa del United States Department of Agriculture National Organic Program.
A16: Apéndice 1.1: Totales NOP. | B16: Este cuadro se completa automáticamente con la información proporcionada en el Apéndice 1: Productores NOP.
A17: Apéndice 2: Productores UE (Unión Europea). | B17: Las columnas en blanco de esta hoja se actualizan automáticamente con el llenado del Apéndice 1: Productores NOP. Solo será necesario actualizar la columna (gris) de insumos prohibidos si usted solicita la certificación UE.
A18: Apéndice 2.1: Totales UE. | B18: Este cuadro se completa automáticamente con la información proporcionada en el Apéndice 2: Productores UE.
A19: Apéndice 3: Productores LPO (México). | B19: Las columnas en blanco de esta hoja se actualizan automáticamente con el llenado del Apéndice 1: Productores NOP. Solo será necesario actualizar la columna (gris) de insumos prohibidos y la del estimado de producción de frutos si usted solicita la certificación LPO.
A20: Apéndice 3.1: Totales LPO. | B20: Este cuadro se completa automáticamente con la información proporcionada en el Apéndice 3: Productores LPO.
A21: Apéndice 4: Productores RTPO (Perú). | B21: Las columnas en blanco de esta hoja se actualizan automáticamente con el llenado del Apéndice 1: Productores NOP. Favor de llenar la columna T para el programa de RTPO. Además, será necesario actualizar la columna (gris) de insumos prohibidos si usted solicita la certificación UE.
A22: Apéndice 4.1: Totales RTPO. | B22: Este cuadro se completa automáticamente con la información proporcionada en el Apéndice 4: Productores RTPO.
A23: Apéndice 5: Información de los productores retirados en el CGG. | B23: Complete este cuadro para listar a los productores que se hayan retirado del grupo y de todos los programas de este grupo. También será necesario removerlos de los Apéndices 1, 2, 3, 4 y 6.
A24: Apéndice 6: Evaluación de riesgo y sanciones. | B24: Este cuadro debe completarse para que OCIA pueda realizar la evaluación de riesgo que requieren estas regulaciones. Utilice los criterios indicados en esa ficha para completar la evaluación de riesgos y marque las sanciones en esta área.
A25: Apéndice 7: LPO México información de los productores orgánicos. | B25: Si el grupo está solicitando LPO (programa de México), este cuadro se completará automaticamente con la información de los productores orgánicos del Apéndice 3. Productores LPO.
A26: Apéndice 8: Instalaciones y áreas de manejo. | B26: Complete este cuadro para enumerar todas las instalaciones y áreas de manejo bajo el control del grupo.
... A32: Apéndice 14: Reporte de Certificación Retroactiva UE. | B32: Esta pestaña se llenara automáticamente con la información de los productores que fueron marcados como solicitantes de certificación retroactiva en el Apéndice 2. Productores UE.

Sheet Definiciones
A1: Definiciones
A3: Área en Crecimiento: | B3: Se refiere a la extensión de terreno en donde se encuentra un cultivo perenne aún en desarrollo/crecimiento. Para OCIA es importante conocer la extensión ya que un cultivo perenne en crecimiento aún no es productivo por lo que el rendimiento de la cosecha no se puede tomar en cuenta al momento de hacer los cálculos de la cosecha solicitada para certificación de productores que tengan áreas del cultivo en crecimiento o que aún no son productivas.
A4: Área en Producción: | B4: Extensión de terreno en donde se tiene un cultivo perenne o anual completamente establecido y en producción ya sea cosechas cíclicas o continuas, dependiendo del tipo de plantación. El área de producción puede incluir parcelas o tierra orgánica, en conversión o no orgánicas (por ejemplo, destinadas a cultivos de autoconsumo).
A5: Área Total de la Finca: | B5: Se refiere a la Unidad de Producción en su totalidad que abarca la propiedad del productor, incluyendo áreas agrícolas, agropecuarias y no agrícolas como instalaciones de proceso en finca, casa de habitación, almacén, etc. Las áreas agrícolas se refieren a parcelas, campos o grupo de campos, incluyendo aquellos destinados a cultivos de alimentos de autoconsumo.
A6: Auditoria de Balance de Masas: | B6: Herramienta (ejercicio o calculo) que permite rastrear y contabilizar el ingreso y salida de productos pasando por la transformación o manipulación, por ejemplo, el manejo postcosecha en la cual se debe considerar las mermas (perdidas) hasta obtener el producto final. OCIA espera que el Sistema de Control Interno (SCI) brinde capacitaciones a sus productores en la contabilización de su cosecha desde la colecta, el manejo postcosecha hasta el rendimiento final. El SCI debe ser capaz de llevar a cabo un balance de masa de la cosecha solicitada para certificar y apoyar al inspector en brindarle toda la información que le solicite para que el/ella pueda completar el ejercicio.
A7: Auditoria de Trayectoria: | B7: El proceso de identificar y rastrear el movimiento, es decir la trayectoria desde el origen hasta la venta del producto pasando por la custodia, la manipulación y el estado orgánico de un producto agrícola a lo largo de la cadena de suministro que permita asegurar el cumplimiento del producto agrícola con las normativas orgánicas que apliquen. OCIA espera que el SCI sea capaz de llevar a cabo auditorías de trayectoria en los productos de los miembros del grupo y apoye al inspector brindándole la información que solicite para llevar a cabo ejercicios de auditoría de trayectoria bajo cada programa orgánico solicitado para certificación.
A8: Código - Número de Documento Personal: | B8: Se refiere al número de documento personal que identifica a una persona física. Este documento lo emiten las autoridades de los países al cumplir mayoría de edad (por ejemplo, en Perú se podría usar el "Documento Nacional de Identidad (DNI)", en México se podría usar el número de credencial del Institutito Nacional Electoral (INE), en Estados Unidos se podría usar el número de Social Security Number (SSN)". Este número es único e irrepetible para cada persona física, por lo que OCIA consideró importante asignar este número como el código que utilizará un miembro del grupo comunitario y evitar que se cambie constantemente o que se repitan códigos generando confusión.
A9: Estado de la Transición Califica (Cal): | B9: Este estado de la transición describe a aquellos productores que han comenzado el día 1,096 (año 3) de sus 1,096 días (3 años) de transición en el programa orgánico en cuestión. El SCI necesita determinar este estado e informar a OCIA para que OCIA cambie el estado a Orgánico después de determinar cumplimiento.
A10: Estado de la Transición Orgánico (Org): | B10: Este estado de la transición describe a aquellos productores que han sido determinados por OCIA como en cumplimiento con el programa orgánico en cuestión. Este estado solo puede ser elegido por OCIA y no por el SCI.
A11: Estado de la Transición T1: | B11: Este estado de la transición describe a aquellos productores que han comenzado el primero (1) de sus 1,096 días (3 años) de transición en el programa orgánico en cuestión. Esta indica que el productor ha sido admitido al CGG y que ha sido presentado a OCIA para el comienzo de su transición. Esto por motivo de la regulaciones UE y NOP.
A12: Estado de la Transición T2: | B12: Este estado de la transición describe a aquellos productores que han comenzado el día 366 (año 2) de sus 1,096 días (3 años) de transición en el programa orgánico en cuestión.
A13: Estado de la Transición T3: | B13: Este estado de la transición describe a aquellos productores que han comenzado el día 731 (año 2) de sus 1,096 días (3 años) de transición en el programa orgánico en cuestión.
A14: Estado de la Transición: | B14: Se refiere a en que etapa de transición se encuentra el productor y su parcela en cuestión. Las opciones pueden ser T1, T2, T3, Califica, Orgánico o Retirado.
... A43: Sustancia Prohibida: | B43: Una sustancia cuyo uso en cualquier aspecto de la producción o manipulación orgánica está prohibida o no está previsto su uso en las normativas orgánicas. Es de suma importancia que el SCI conozca que los insumos permitidos por algunos programas están prohibidos en otros. Cada normativa de los programas orgánicos que ofrece OCIA cuenta con un listado de sustancias permitidas y prohibidas. El SCI debe ser conocedor de las mismas y capacitar a sus productores. Todas las sustancias que no han sido revisadas y aprobadas para el uso en algún programa orgánico son consideradas prohibidas hasta que su revisión haya sido completada y verificada como en cumplimiento con las normas orgánicas. Por este motivo, los miembros de una CGG deben de esperar a que el SIC verifique si la sustancia está permitida para los programas de certificación antes de usarlas. Los SIC deben de verificar el cumplimiento de la sustancia antes de su compra, distribución y uso por los miembros del CGG.

Sheet 1. Productores NOP
A1: Apéndice 1: Información de Productores NOP CGG. | I1: Nombre del CGG: | K1: =Instrucciones!B4 -> 0
A2: Tome nota que "T1, T2, o T3" es el año 1, 2 o 3 de transición. Las operaciones en "T3" deben ser elegibles para la certificación del Programa NOP durante este ciclo anual. "Org" son aquellos que ya son considerados como certificados orgánicos. "Cal" son los que ya califican para aplicar para certificación orgánica y están siendo presentados a OCIA para verificar su cumplimiento con el programa. El SIC debe de seleccionar el estado apropiado para cada uno de sus miembros y parcelas. Tenga en cuenta que también debe de contar y proporcionar evidencia de que este estado ha sido reconocido por OCIA en el caso de pasar de Califican a Orgánico. En el caso de que algún miembro del CGG tenga más de una parcela, se deberán de tener dos hileras para representar las posibles variables diferentes (P.E: dos estados o georeferenciación diferentes).
C3: Totales Cal | D3: =COUNTIF(N5:N1005,"Cal") -> 0 | E3: Totales T1 | F3: =COUNTIF(N5:N1005,"T1") -> 0 | G3: Totales T2 | H3: =COUNTIF(N5:N1005,"T2") -> 0 | I3: Totales T3 | J3: =COUNTIF(N5:N1005,"T3") -> 0 | K3: Totales Org | L3: =COUNTIF(N5:N1005,"Org") -> 0 | M3: Totales Todos | N3: =COUNTA(E5:E1004) -> 0
A4: # | B4: Código: Número de Documento Personal [p.e. DNI, INE, numero de socio] | C4: PRIMER NOMBRE DEL PRODUCTOR | D4: SEGUNDO NOMBRE DEL PRODUCTOR | E4: PRIMER APELLIDO DEL PRODUCTOR | F4: SEGUNDO APELLIDO DEL PRODUCTOR | G4: NOMBRE DE LA COMUNIDAD O SUBGRUPO | H4: FECHA DE LA ÚLTIMA APLICACIÓN DE INSUMOS PROHIBIDOS | I4: FECHA DE ENTRADA A LA TRANSICIÓN ORGÁNICA | J4: FECHA DE LA PRIMERA INSPECCIÓN INTERNA | K4: FECHA DE LA ULTIMA INSPECCIÓN INTERNA | L4: FECHA DE LA ÚLTIMA INSPECCIÓN EXTERNA | M4: FECHA DE CALIFICACIÓN PARA EL PROGRAMA ORGÁNICO | N4: ESTADO DE LA TRANSICIÓN. | O4: ÁREA TOTAL DE LA FINCA (Ha) | P4: CULTIVO EN PRODUCCIÓN PARALELA O EN PRODUCCIÓN MIXTA (Hectáreas) | Q4: AREA EN PRODUCCIÓN PARALELA O MIXTA (Hectáreas) | R4: Hectáreas de Cultivo en Crecimiento (Solo perennes) | S4: Hectáreas de Cultivo en Producción | T4: Hectáreas con Cultivo Establecido | U4: Número de Campos | V4: Georreferenciación Este-Norte-Altitud | W4: RENDIMIENTOS ESTIMADOS PERGAMINO (kilogramos) | X4: Solo para uso del inspector. Marque con el año (25, 26, 27, etc.) si este productor fue inspeccionado durante la inspección externa. | Y4: Nota 1: | Z4: Nota 2: | AA4: Nota 3: | AB4: Nota 4: | AC4: Nota 5:
A5: 1 | M5: =IF(H5>0,H5+1096,I5+1096) -> 1096 | T5: =SUM(R5+S5) -> 0
A6: 2 | M6: =IF(H6>0,H6+1096,I6+1096) -> 1096 | T6: =SUM(R6+S6) -> 0
A7: 3 | M7: =IF(H7>0,H7+1096,I7+1096) -> 1096 | T7: =SUM(R7+S7) -> 0
A8: 4 | M8: =IF(H8>0,H8+1096,I8+1096) -> 1096 | T8: =SUM(R8+S8) -> 0
A9: 5 | M9: =IF(H9>0,H9+1096,I9+1096) -> 1096 | T9: =SUM(R9+S9) -> 0
A10: 6 | M10: =IF(H10>0,H10+1096,I10+1096) -> 1096 | T10: =SUM(R10+S10) -> 0
A11: 7 | M11: =IF(H11>0,H11+1096,I11+1096) -> 1096 | T11: =SUM(R11+S11) -> 0
A12: 8 | M12: =IF(H12>0,H12+1096,I12+1096) -> 1096 | T12: =SUM(R12+S12) -> 0
A13: 9 | M13: =IF(H13>0,H13+1096,I13+1096) -> 1096 | T13: =SUM(R13+S13) -> 0
A14: 10 | M14: =IF(H14>0,H14+1096,I14+1096) -> 1096 | T14: =SUM(R14+S14) -> 0
A15: 11 | M15: =IF(H15>0,H15+1096,I15+1096) -> 1096 | T15: =SUM(R15+S15) -> 0
A16: 12 | M16: =IF(H16>0,H16+1096,I16+1096) -> 1096 | T16: =SUM(R16+S16) -> 0
... A1004: 1000 | M1004: =IF(H1004>0,H1004+1096,I1004+1096) -> 1096 | T1004: =SUM(R1004+S1004) -> 0

Sheet 1.1 Totales NOP
A1: Esta hoja de calculo no se actualiza automaticamente. Necesita dar click en Pivot Table (Tabla Pivot) y despues Refresh (Actualizar) cuando los datos hayan cambiado
A2: ESTADO DE LA TRANSICIÓN. | B2: Count of ESTADO DE LA TRANSICIÓN. | C2: Sum of Número de Campos | D2: Sum of ÁREA TOTAL DE LA FINCA (Ha)
A3: (blank)
A4: Grand Total

Sheet 2. Productores UE
A1: Apéndice 2: Información de Productores UE CGG. | I1: Nombre del CGG: | K1: =Instrucciones!B4 -> 0
C3: Totales Cal | D3: =COUNTIF(N5:N1004,"Cal") -> 0 | E3: Totales T1 | F3: =COUNTIF(N5:N1004,"T1") -> 0 | G3: Totales T2 | H3: =COUNTIF(N5:N1004,"T2") -> 0 | I3: Totales T3 | J3: =COUNTIF(N5:N1004,"T3") -> 0 | K3: Totales Org | L3: =COUNTIF(N5:N1004,"Org") -> 0 | M3: Totales Todos | N3: =COUNTA('1. Productores NOP'!E5:'1. Productores NOP'!E1004) -> 0
A4: # | B4: Código: Número de Documento Personal | C4: PRIMER NOMBRE DEL PRODUCTOR | D4: SEGUNDO NOMBRE DEL PRODUCTOR | E4: PRIMER APELLIDO DEL PRODUCTOR | F4: SEGUNDO APELLIDO DEL PRODUCTOR | G4: NOMBRE DE LA COMUNIDAD O SUBGRUPO | H4: FECHA DE LA ÚLTIMA APLICACIÓN DE INSUMOS PROHIBIDOS | I4: FECHA DE ENTRADA A LA TRANSICIÓN ORGÁNICA | J4: FECHA DE LA PRIMERA INSPECCIÓN INTERNA | K4: FECHA DE LA ULTIMA INSPECCIÓN INTERNA | L4: FECHA DE LA ÚLTIMA INSPECCIÓN EXTERNA | M4: FECHA DE CALIFICACIÓN PARA EL PROGRAMA ORGÁNICO | N4: ESTADO DE LA TRANSICIÓN. | O4: ÁREA TOTAL DE LA FINCA (Ha) | P4: CULTIVO EN PRODUCCIÓN PARALELA O EN PRODUCCIÓN MIXTA (Hectáreas) | Q4: AREA EN PRODUCCIÓN PARALELA O MIXTA (Hectáreas) | R4: Hectáreas de Cultivo en Crecimiento (Solo perennes) | S4: Hectáreas de Cultivo en Producción (Más de 5.0 Ha corren riesgo de ya no calificar al programa si sus ingresos sobrepasan 25,000 Euros) | T4: Hectáreas con Cultivo Establecido | U4: Número de Campos | V4: Georreferenciación Este-Norte-Altitud | W4: RENDIMIENTOS ESTIMADOS (kilogramos) | X4: Solo para uso del inspector. Marque con el año (25, 26, 27, etc.) si este productor fue inspeccionado durante la inspección externa. | Y4: Indique si está solicitando certificación retroactiva. | Z4: Indique el año si el productor fue parte del programa de muestreo de residuos de plaguicidas. | AA4: Nota 1: | AB4: Nota 2: | AC4: Nota 3: | AD4: Nota 4: | AE4: Nota 5:
A5: 1 | B5: =IF('1. Productores NOP'!B5=0,"",'1. Productores NOP'!B5) | C5: =IF('1. Productores NOP'!C5=0,"",'1. Productores NOP'!C5) | D5: =IF('1. Productores NOP'!D5=0,"",'1. Productores NOP'!D5) | E5: =IF('1. Productores NOP'!E5=0,"",'1. Productores NOP'!E5) | F5: =IF('1. Productores NOP'!F5=0,"",'1. Productores NOP'!F5) | G5: =IF('1. Productores NOP'!G5=0,"",'1. Productores NOP'!G5) | H5: =IF('1. Productores NOP'!H5=0,"",'1. Productores NOP'!H5) | I5: =IF('1. Productores NOP'!I5=0,"",'1. Productores NOP'!I5) | ... M5: =IF('1. Productores NOP'!M5=0,"",'1. Productores NOP'!M5) -> 1096 | O5: =IF('1. Productores NOP'!O5=0,"",'1. Productores NOP'!O5) | P5: =IF('1. Productores NOP'!P5=0,"",'1. Productores NOP'!P5) | Q5: =IF('1. Productores NOP'!Q5=0,"",'1. Productores NOP'!Q5) | R5: =IF('1. Productores NOP'!R5=0,"",'1. Productores NOP'!R5) | S5: =IF('1. Productores NOP'!S5=0,"",'1. Productores NOP'!S5) | T5: =IF('1. Productores NOP'!T5=0,"",'1. Productores NOP'!T5) | U5: =IF('1. Productores NOP'!U5=0,"",'1. Productores NOP'!U5) | V5: =IF('1. Productores NOP'!V5=0,"",'1. Productores NOP'!V5) | W5: =IF('1. Productores NOP'!W5=0,"",'1. Productores NOP'!W5)
A6: 2 | B6: =IF('1. Productores NOP'!B6=0,"",'1. Productores NOP'!B6) | C6: =IF('1. Productores NOP'!C6=0,"",'1. Productores NOP'!C6) | D6: =IF('1. Productores NOP'!D6=0,"",'1. Productores NOP'!D6) | E6: =IF('1. Productores NOP'!F6=0,"",'1. Productores NOP'!F6) | F6: =IF('1. Productores NOP'!F6=0,"",'1. Productores NOP'!F6) | G6: =IF('1. Productores NOP'!G6=0,"",'1. Productores NOP'!G6) | H6: =IF('1. Productores NOP'!H6=0,"",'1. Productores NOP'!H6) | I6: =IF('1. Productores NOP'!I6=0,"",'1. Productores NOP'!I6) | J6: =IF('1. Productores NOP'!J6=0,"",'1. Productores NOP'!J6) | K6: =IF('1. Productores NOP'!K6=0,"",'1. Productores NOP'!K6) | L6: =IF('1. Productores NOP'!L6=0,"",'1. Productores NOP'!L6) | M6: =IF('1. Productores NOP'!M6=0,"",'1. Productores NOP'!M6) -> 1096 | O6: =IF('1. Productores NOP'!O6=0,"",'1. Productores NOP'!O6) | P6: =IF('1. Productores NOP'!P6=0,"",'1. Productores NOP'!P6) | Q6: =IF('1. Productores NOP'!Q6=0,"",'1. Productores NOP'!Q6) | R6: =IF('1. Productores NOP'!R6=0,"",'1. Productores NOP'!R6) | S6: =IF('1. Productores NOP'!S6=0,"",'1. Productores NOP'!S6) | T6: =IF('1. Productores NOP'!T6=0,"",'1. Productores NOP'!T6) | U6: =IF('1. Productores NOP'!U6=0,"",'1. Productores NOP'!U6) | V6: =IF('1. Productores NOP'!V6=0,"",'1. Productores NOP'!V6) | W6: =IF('1. Productores NOP'!W6=0,"",'1. Productores NOP'!W6)
A7: 3 | B7: =IF('1. Productores NOP'!B7=0,"",'1. Productores NOP'!B7) | C7: =IF('1. Productores NOP'!C7=0,"",'1. Productores NOP'!C7) | D7: =IF('1. Productores NOP'!D7=0,"",'1. Productores NOP'!D7) | E7: =IF('1. Productores NOP'!F7=0,"",'1. Productores NOP'!F7) | F7: =IF('1. Productores NOP'!F7=0,"",'1. Productores NOP'!F7) | G7: =IF('1. Productores NOP'!G7=0,"",'1. Productores NOP'!G7) | H7: =IF('1. Productores NOP'!H7=0,"",'1. Productores NOP'!H7) | I7: =IF('1. Productores NOP'!I7=0,"",'1. Productores NOP'!I7) | J7: =IF('1. Productores NOP'!J7=0,"",'1. Productores NOP'!J7) | K7: =IF('1. Productores NOP'!K7=0,"",'1. Productores NOP'!K7) | L7: =IF('1. Productores NOP'!L7=0,"",'1. Productores NOP'!L7) | M7: =IF('1. Productores NOP'!M7=0,"",'1. Productores NOP'!M7) -> 1096 | O7: =IF('1. Productores NOP'!O7=0,"",'1. Productores NOP'!O7) | P7: =IF('1. Productores NOP'!P7=0,"",'1. Productores NOP'!P7) | Q7: =IF('1. Productores NOP'!Q7=0,"",'1. Productores NOP'!Q7) | R7: =IF('1. Productores NOP'!R7=0,"",'1. Productores NOP'!R7) | S7: =IF('1. Productores NOP'!S7=0,"",'1. Productores NOP'!S7) | T7: =IF('1. Productores NOP'!T7=0,"",'1. Productores NOP'!T7) | U7: =IF('1. Productores NOP'!U7=0,"",'1. Productores NOP'!U7) | V7: =IF('1. Productores NOP'!V7=0,"",'1. Productores NOP'!V7) | W7: =IF('1. Productores NOP'!W7=0,"",'1. Productores NOP'!W7)
A8: 4 | B8: =IF('1. Productores NOP'!B8=0,"",'1. Productores NOP'!B8) | C8: =IF('1. Productores NOP'!C8=0,"",'1. Productores NOP'!C8) | D8: =IF('1. Productores NOP'!D8=0,"",'1. Productores NOP'!D8) | E8: =IF('1. Productores NOP'!E8=0,"",'1. Productores NOP'!E8) | F8: =IF('1. Productores NOP'!F8=0,"",'1. Productores NOP'!F8) | G8: =IF('1. Productores NOP'!G8=0,"",'1. Productores NOP'!G8) | H8: =IF('1. Productores NOP'!H8=0,"",'1. Productores NOP'!H8) | I8: =IF('1. Productores NOP'!I8=0,"",'1. Productores NOP'!I8) | ... M8: =IF('1. Productores NOP'!M8=0,"",'1. Productores NOP'!M8) -> 1096 | O8: =IF('1. Productores NOP'!O8=0,"",'1. Productores NOP'!O8) | P8: =IF('1. Productores NOP'!P8=0,"",'1. Productores NOP'!P8) | Q8: =IF('1. Productores NOP'!Q8=0,"",'1. Productores NOP'!Q8) | R8: =IF('1. Productores NOP'!R8=0,"",'1. Productores NOP'!R8) | S8: =IF('1. Productores NOP'!S8=0,"",'1. Productores NOP'!S8) | T8: =IF('1. Productores NOP'!T8=0,"",'1. Productores NOP'!T8) | U8: =IF('1. Productores NOP'!U8=0,"",'1. Productores NOP'!U8) | V8: =IF('1. Productores NOP'!V8=0,"",'1. Productores NOP'!V8) | W8: =IF('1. Productores NOP'!W8=0,"",'1. Productores NOP'!W8)
A9: 5 | B9: =IF('1. Productores NOP'!B9=0,"",'1. Productores NOP'!B9) | C9: =IF('1. Productores NOP'!C9=0,"",'1. Productores NOP'!C9) | D9: =IF('1. Productores NOP'!D9=0,"",'1. Productores NOP'!D9) | E9: =IF('1. Productores NOP'!E9=0,"",'1. Productores NOP'!E9) | F9: =IF('1. Productores NOP'!F9=0,"",'1. Productores NOP'!F9) | G9: =IF('1. Productores NOP'!G9=0,"",'1. Productores NOP'!G9) | H9: =IF('1. Productores NOP'!H9=0,"",'1. Productores NOP'!H9) | I9: =IF('1. Productores NOP'!I9=0,"",'1. Productores NOP'!I9) | ... M9: =IF('1. Productores NOP'!M9=0,"",'1. Productores NOP'!M9) -> 1096 | O9: =IF('1. Productores NOP'!O9=0,"",'1. Productores NOP'!O9) | P9: =IF('1. Productores NOP'!P9=0,"",'1. Productores NOP'!P9) | Q9: =IF('1. Productores NOP'!Q9=0,"",'1. Productores NOP'!Q9) | R9: =IF('1. Productores NOP'!R9=0,"",'1. Productores NOP'!R9) | S9: =IF('1. Productores NOP'!S9=0,"",'1. Productores NOP'!S9) | T9: =IF('1. Productores NOP'!T9=0,"",'1. Productores NOP'!T9) | U9: =IF('1. Productores NOP'!U9=0,"",'1. Productores NOP'!U9) | V9: =IF('1. Productores NOP'!V9=0,"",'1. Productores NOP'!V9) | W9: =IF('1. Productores NOP'!W9=0,"",'1. Productores NOP'!W9)
A10: 6 | B10: =IF('1. Productores NOP'!B10=0,"",'1. Productores NOP'!B10) | C10: =IF('1. Productores NOP'!C10=0,"",'1. Productores NOP'!C10) | D10: =IF('1. Productores NOP'!D10=0,"",'1. Productores NOP'!D10) | E10: =IF('1. Productores NOP'!E10=0,"",'1. Productores NOP'!E10) | F10: =IF('1. Productores NOP'!F10=0,"",'1. Productores NOP'!F10) | G10: =IF('1. Productores NOP'!G10=0,"",'1. Productores NOP'!G10) | H10: =IF('1. Productores NOP'!H10=0,"",'1. Productores NOP'!H10) | I10: =IF('1. Productores NOP'!I10=0,"",'1. Productores NOP'!I10) | ... M10: =IF('1. Productores NOP'!M10=0,"",'1. Productores NOP'!M10) -> 1096 | O10: =IF('1. Productores NOP'!O10=0,"",'1. Productores NOP'!O10) | P10: =IF('1. Productores NOP'!P10=0,"",'1. Productores NOP'!P10) | Q10: =IF('1. Productores NOP'!Q10=0,"",'1. Productores NOP'!Q10) | R10: =IF('1. Productores NOP'!R10=0,"",'1. Productores NOP'!R10) | S10: =IF('1. Productores NOP'!S10=0,"",'1. Productores NOP'!S10) | T10: =IF('1. Productores NOP'!T10=0,"",'1. Productores NOP'!T10) | U10: =IF('1. Productores NOP'!U10=0,"",'1. Productores NOP'!U10) | V10: =IF('1. Productores NOP'!V10=0,"",'1. Productores NOP'!V10) | W10: =IF('1. Productores NOP'!W10=0,"",'1. Productores NOP'!W10)
A11: 7 | B11: =IF('1. Productores NOP'!B11=0,"",'1. Productores NOP'!B11) | C11: =IF('1. Productores NOP'!C11=0,"",'1. Productores NOP'!C11) | D11: =IF('1. Productores NOP'!D11=0,"",'1. Productores NOP'!D11) | E11: =IF('1. Productores NOP'!E11=0,"",'1. Productores NOP'!E11) | F11: =IF('1. Productores NOP'!F11=0,"",'1. Productores NOP'!F11) | G11: =IF('1. Productores NOP'!G11=0,"",'1. Productores NOP'!G11) | H11: =IF('1. Productores NOP'!H11=0,"",'1. Productores NOP'!H11) | I11: =IF('1. Productores NOP'!I11=0,"",'1. Productores NOP'!I11) | ... M11: =IF('1. Productores NOP'!M11=0,"",'1. Productores NOP'!M11) -> 1096 | O11: =IF('1. Productores NOP'!O11=0,"",'1. Productores NOP'!O11) | P11: =IF('1. Productores NOP'!P11=0,"",'1. Productores NOP'!P11) | Q11: =IF('1. Productores NOP'!Q11=0,"",'1. Productores NOP'!Q11) | R11: =IF('1. Productores NOP'!R11=0,"",'1. Productores NOP'!R11) | S11: =IF('1. Productores NOP'!S11=0,"",'1. Productores NOP'!S11) | T11: =IF('1. Productores NOP'!T11=0,"",'1. Productores NOP'!T11) | U11: =IF('1. Productores NOP'!U11=0,"",'1. Productores NOP'!U11) | V11: =IF('1. Productores NOP'!V11=0,"",'1. Productores NOP'!V11) | W11: =IF('1. Productores NOP'!W11=0,"",'1. Productores NOP'!W11)
A12: 8 | B12: =IF('1. Productores NOP'!B12=0,"",'1. Productores NOP'!B12) | C12: =IF('1. Productores NOP'!C12=0,"",'1. Productores NOP'!C12) | D12: =IF('1. Productores NOP'!D12=0,"",'1. Productores NOP'!D12) | E12: =IF('1. Productores NOP'!E12=0,"",'1. Productores NOP'!E12) | F12: =IF('1. Productores NOP'!F12=0,"",'1. Productores NOP'!F12) | G12: =IF('1. Productores NOP'!G12=0,"",'1. Productores NOP'!G12) | H12: =IF('1. Productores NOP'!H12=0,"",'1. Productores NOP'!H12) | I12: =IF('1. Productores NOP'!I12=0,"",'1. Productores NOP'!I12) | ... M12: =IF('1. Productores NOP'!M12=0,"",'1. Productores NOP'!M12) -> 1096 | O12: =IF('1. Productores NOP'!O12=0,"",'1. Productores NOP'!O12) | P12: =IF('1. Productores NOP'!P12=0,"",'1. Productores NOP'!P12) | Q12: =IF('1. Productores NOP'!Q12=0,"",'1. Productores NOP'!Q12) | R12: =IF('1. Productores NOP'!R12=0,"",'1. Productores NOP'!R12) | S12: =IF('1. Productores NOP'!S12=0,"",'1. Productores NOP'!S12) | T12: =IF('1. Productores NOP'!T12=0,"",'1. Productores NOP'!T12) | U12: =IF('1. Productores NOP'!U12=0,"",'1. Productores NOP'!U12) | V12: =IF('1. Productores NOP'!V12=0,"",'1. Productores NOP'!V12) | W12: =IF('1. Productores NOP'!W12=0,"",'1. Productores NOP'!W12)
A13: 9 | B13: =IF('1. Productores NOP'!B13=0,"",'1. Productores NOP'!B13) | C13: =IF('1. Productores NOP'!C13=0,"",'1. Productores NOP'!C13) | D13: =IF('1. Productores NOP'!D13=0,"",'1. Productores NOP'!D13) | E13: =IF('1. Productores NOP'!E13=0,"",'1. Productores NOP'!E13) | F13: =IF('1. Productores NOP'!F13=0,"",'1. Productores NOP'!F13) | G13: =IF('1. Productores NOP'!G13=0,"",'1. Productores NOP'!G13) | H13: =IF('1. Productores NOP'!H13=0,"",'1. Productores NOP'!H13) | I13: =IF('1. Productores NOP'!I13=0,"",'1. Productores NOP'!I13) | ... M13: =IF('1. Productores NOP'!M13=0,"",'1. Productores NOP'!M13) -> 1096 | O13: =IF('1. Productores NOP'!O13=0,"",'1. Productores NOP'!O13) | P13: =IF('1. Productores NOP'!P13=0,"",'1. Productores NOP'!P13) | Q13: =IF('1. Productores NOP'!Q13=0,"",'1. Productores NOP'!Q13) | R13: =IF('1. Productores NOP'!R13=0,"",'1. Productores NOP'!R13) | S13: =IF('1. Productores NOP'!S13=0,"",'1. Productores NOP'!S13) | T13: =IF('1. Productores NOP'!T13=0,"",'1. Productores NOP'!T13) | U13: =IF('1. Productores NOP'!U13=0,"",'1. Productores NOP'!U13) | V13: =IF('1. Productores NOP'!V13=0,"",'1. Productores NOP'!V13) | W13: =IF('1. Productores NOP'!W13=0,"",'1. Productores NOP'!W13)
A14: 10 | B14: =IF('1. Productores NOP'!B14=0,"",'1. Productores NOP'!B14) | C14: =IF('1. Productores NOP'!C14=0,"",'1. Productores NOP'!C14) | D14: =IF('1. Productores NOP'!D14=0,"",'1. Productores NOP'!D14) | E14: =IF('1. Productores NOP'!E14=0,"",'1. Productores NOP'!E14) | F14: =IF('1. Productores NOP'!F14=0,"",'1. Productores NOP'!F14) | G14: =IF('1. Productores NOP'!G14=0,"",'1. Productores NOP'!G14) | H14: =IF('1. Productores NOP'!H14=0,"",'1. Productores NOP'!H14) | I14: =IF('1. Productores NOP'!I14=0,"",'1. Productores NOP'!I14) | ... M14: =IF('1. Productores NOP'!M14=0,"",'1. Productores NOP'!M14) -> 1096 | O14: =IF('1. Productores NOP'!O14=0,"",'1. Productores NOP'!O14) | P14: =IF('1. Productores NOP'!P14=0,"",'1. Productores NOP'!P14) | Q14: =IF('1. Productores NOP'!Q14=0,"",'1. Productores NOP'!Q14) | R14: =IF('1. Productores NOP'!R14=0,"",'1. Productores NOP'!R14) | S14: =IF('1. Productores NOP'!S14=0,"",'1. Productores NOP'!S14) | T14: =IF('1. Productores NOP'!T14=0,"",'1. Productores NOP'!T14) | U14: =IF('1. Productores NOP'!U14=0,"",'1. Productores NOP'!U14) | V14: =IF('1. Productores NOP'!V14=0,"",'1. Productores NOP'!V14) | W14: =IF('1. Productores NOP'!W14=0,"",'1. Productores NOP'!W14)
A15: 11 | B15: =IF('1. Productores NOP'!B15=0,"",'1. Productores NOP'!B15) | C15: =IF('1. Productores NOP'!C15=0,"",'1. Productores NOP'!C15) | D15: =IF('1. Productores NOP'!D15=0,"",'1. Productores NOP'!D15) | E15: =IF('1. Productores NOP'!E15=0,"",'1. Productores NOP'!E15) | F15: =IF('1. Productores NOP'!F15=0,"",'1. Productores NOP'!F15) | G15: =IF('1. Productores NOP'!G15=0,"",'1. Productores NOP'!G15) | H15: =IF('1. Productores NOP'!H15=0,"",'1. Productores NOP'!H15) | I15: =IF('1. Productores NOP'!I15=0,"",'1. Productores NOP'!I15) | ... M15: =IF('1. Productores NOP'!M15=0,"",'1. Productores NOP'!M15) -> 1096 | O15: =IF('1. Productores NOP'!O15=0,"",'1. Productores NOP'!O15) | P15: =IF('1. Productores NOP'!P15=0,"",'1. Productores NOP'!P15) | Q15: =IF('1. Productores NOP'!Q15=0,"",'1. Productores NOP'!Q15) | R15: =IF('1. Productores NOP'!R15=0,"",'1. Productores NOP'!R15) | S15: =IF('1. Productores NOP'!S15=0,"",'1. Productores NOP'!S15) | T15: =IF('1. Productores NOP'!T15=0,"",'1. Productores NOP'!T15) | U15: =IF('1. Productores NOP'!U15=0,"",'1. Productores NOP'!U15) | V15: =IF('1. Productores NOP'!V15=0,"",'1. Productores NOP'!V15) | W15: =IF('1. Productores NOP'!W15=0,"",'1. Productores NOP'!W15)
A16: 12 | B16: =IF('1. Productores NOP'!B16=0,"",'1. Productores NOP'!B16) | C16: =IF('1. Productores NOP'!C16=0,"",'1. Productores NOP'!C16) | D16: =IF('1. Productores NOP'!D16=0,"",'1. Productores NOP'!D16) | E16: =IF('1. Productores NOP'!E16=0,"",'1. Productores NOP'!E16) | F16: =IF('1. Productores NOP'!F16=0,"",'1. Productores NOP'!F16) | G16: =IF('1. Productores NOP'!G16=0,"",'1. Productores NOP'!G16) | H16: =IF('1. Productores NOP'!H16=0,"",'1. Productores NOP'!H16) | I16: =IF('1. Productores NOP'!I16=0,"",'1. Productores NOP'!I16) | ... M16: =IF('1. Productores NOP'!M16=0,"",'1. Productores NOP'!M16) -> 1096 | O16: =IF('1. Productores NOP'!O16=0,"",'1. Productores NOP'!O16) | P16: =IF('1. Productores NOP'!P16=0,"",'1. Productores NOP'!P16) | Q16: =IF('1. Productores NOP'!Q16=0,"",'1. Productores NOP'!Q16) | R16: =IF('1. Productores NOP'!R16=0,"",'1. Productores NOP'!R16) | S16: =IF('1. Productores NOP'!S16=0,"",'1. Productores NOP'!S16) | T16: =IF('1. Productores NOP'!T16=0,"",'1. Productores NOP'!T16) | U16: =IF('1. Productores NOP'!U16=0,"",'1. Productores NOP'!U16) | V16: =IF('1. Productores NOP'!V16=0,"",'1. Productores NOP'!V16) | W16: =IF('1. Productores NOP'!W16=0,"",'1. Productores NOP'!W16)
A17: 13 | B17: =IF('1. Productores NOP'!B17=0,"",'1. Productores NOP'!B17) | C17: =IF('1. Productores NOP'!C17=0,"",'1. Productores NOP'!C17) | D17: =IF('1. Productores NOP'!D17=0,"",'1. Productores NOP'!D17) | E17: =IF('1. Productores NOP'!E17=0,"",'1. Productores NOP'!E17) | F17: =IF('1. Productores NOP'!F17=0,"",'1. Productores NOP'!F17) | G17: =IF('1. Productores NOP'!G17=0,"",'1. Productores NOP'!G17) | H17: =IF('1. Productores NOP'!H17=0,"",'1. Productores NOP'!H17) | I17: =IF('1. Productores NOP'!I17=0,"",'1. Productores NOP'!I17) | ... M17: =IF('1. Productores NOP'!M17=0,"",'1. Productores NOP'!M17) -> 1096 | O17: =IF('1. Productores NOP'!O17=0,"",'1. Productores NOP'!O17) | P17: =IF('1. Productores NOP'!P17=0,"",'1. Productores NOP'!P17) | Q17: =IF('1. Productores NOP'!Q17=0,"",'1. Productores NOP'!Q17) | R17: =IF('1. Productores NOP'!R17=0,"",'1. Productores NOP'!R17) | S17: =IF('1. Productores NOP'!S17=0,"",'1. Productores NOP'!S17) | T17: =IF('1. Productores NOP'!T17=0,"",'1. Productores NOP'!T17) | U17: =IF('1. Productores NOP'!U17=0,"",'1. Productores NOP'!U17) | V17: =IF('1. Productores NOP'!V17=0,"",'1. Productores NOP'!V17) | W17: =IF('1. Productores NOP'!W17=0,"",'1. Productores NOP'!W17)
A18: 14 | B18: =IF('1. Productores NOP'!B18=0,"",'1. Productores NOP'!B18) | C18: =IF('1. Productores NOP'!C18=0,"",'1. Productores NOP'!C18) | D18: =IF('1. Productores NOP'!D18=0,"",'1. Productores NOP'!D18) | E18: =IF('1. Productores NOP'!E18=0,"",'1. Productores NOP'!E18) | F18: =IF('1. Productores NOP'!F18=0,"",'1. Productores NOP'!F18) | G18: =IF('1. Productores NOP'!G18=0,"",'1. Productores NOP'!G18) | H18: =IF('1. Productores NOP'!H18=0,"",'1. Productores NOP'!H18) | I18: =IF('1. Productores NOP'!I18=0,"",'1. Productores NOP'!I18) | ... M18: =IF('1. Productores NOP'!M18=0,"",'1. Productores NOP'!M18) -> 1096 | O18: =IF('1. Productores NOP'!O18=0,"",'1. Productores NOP'!O18) | P18: =IF('1. Productores NOP'!P18=0,"",'1. Productores NOP'!P18) | Q18: =IF('1. Productores NOP'!Q18=0,"",'1. Productores NOP'!Q18) | R18: =IF('1. Productores NOP'!R18=0,"",'1. Productores NOP'!R18) | S18: =IF('1. Productores NOP'!S18=0,"",'1. Productores NOP'!S18) | T18: =IF('1. Productores NOP'!T18=0,"",'1. Productores NOP'!T18) | U18: =IF('1. Productores NOP'!U18=0,"",'1. Productores NOP'!U18) | V18: =IF('1. Productores NOP'!V18=0,"",'1. Productores NOP'!V18) | W18: =IF('1. Productores NOP'!W18=0,"",'1. Productores NOP'!W18)
A19: 15 | B19: =IF('1. Productores NOP'!B19=0,"",'1. Productores NOP'!B19) | C19: =IF('1. Productores NOP'!C19=0,"",'1. Productores NOP'!C19) | D19: =IF('1. Productores NOP'!D19=0,"",'1. Productores NOP'!D19) | E19: =IF('1. Productores NOP'!E19=0,"",'1. Productores NOP'!E19) | F19: =IF('1. Productores NOP'!F19=0,"",'1. Productores NOP'!F19) | G19: =IF('1. Productores NOP'!G19=0,"",'1. Productores NOP'!G19) | H19: =IF('1. Productores NOP'!H19=0,"",'1. Productores NOP'!H19) | I19: =IF('1. Productores NOP'!I19=0,"",'1. Productores NOP'!I19) | ... M19: =IF('1. Productores NOP'!M19=0,"",'1. Productores NOP'!M19) -> 1096 | O19: =IF('1. Productores NOP'!O19=0,"",'1. Productores NOP'!O19) | P19: =IF('1. Productores NOP'!P19=0,"",'1. Productores NOP'!P19) | Q19: =IF('1. Productores NOP'!Q19=0,"",'1. Productores NOP'!Q19) | R19: =IF('1. Productores NOP'!R19=0,"",'1. Productores NOP'!R19) | S19: =IF('1. Productores NOP'!S19=0,"",'1. Productores NOP'!S19) | T19: =IF('1. Productores NOP'!T19=0,"",'1. Productores NOP'!T19) | U19: =IF('1. Productores NOP'!U19=0,"",'1. Productores NOP'!U19) | V19: =IF('1. Productores NOP'!V19=0,"",'1. Productores NOP'!V19) | W19: =IF('1. Productores NOP'!W19=0,"",'1. Productores NOP'!W19)
... A1004: 1000 | B1004: =IF('1. Productores NOP'!B1004=0,"",'1. Productores NOP'!B1004) | C1004: =IF('1. Productores NOP'!C1004=0,"",'1. Productores NOP'!C1004) | D1004: =IF('1. Productores NOP'!D1004=0,"",'1. Productores NOP'!D1004) | E1004: =IF('1. Productores NOP'!E1004=0,"",'1. Productores NOP'!E1004) | F1004: =IF('1. Productores NOP'!F1004=0,"",'1. Productores NOP'!F1004) | G1004: =IF('1. Productores NOP'!G1004=0,"",'1. Productores NOP'!G1004) | H1004: =IF('1. Productores NOP'!H1004=0,"",'1. Productores NOP'!H1004) | I1004: =IF('1. Productores NOP'!I1004=0,"",'1. Productores NOP'!I1004) | ... M1004: =IF('1. Productores NOP'!M1004=0,"",'1. Productores NOP'!M1004) -> 1096 | O1004: =IF('1. Productores NOP'!O1004=0,"",'1. Productores NOP'!O1004) | P1004: =IF('1. Productores NOP'!P1004=0,"",'1. Productores NOP'!P1004) | Q1004: =IF('1. Productores NOP'!Q1004=0,"",'1. Productores NOP'!Q1004) | R1004: =IF('1. Productores NOP'!R1004=0,"",'1. Productores NOP'!R1004) | S1004: =IF('1. Productores NOP'!S1004=0,"",'1. Productores NOP'!S1004) | T1004: =IF('1. Productores NOP'!T1004=0,"",'1. Productores NOP'!T1004) | U1004: =IF('1. Productores NOP'!U1004=0,"",'1. Productores NOP'!U1004) | V1004: =IF('1. Productores NOP'!V1004=0,"",'1. Productores NOP'!V1004) | W1004: =IF('1. Productores NOP'!W1004=0,"",'1. Productores NOP'!W1004)

Sheet 2.1 Totales UE
A1: Esta hoja de calculo no se actualiza automaticamente. Necesita dar click en Pivot Table (Tabla Pivot) y despues Refresh (Actualizar) cuando los datos hayan cambiado
A2: ESTADO DE LA TRANSICIÓN. | B2: Count of ESTADO DE LA TRANSICIÓN. | C2: Sum of Número de Campos | D2: Sum of ÁREA TOTAL DE LA FINCA (Ha) | E2: Sum of RENDIMIENTOS ESTIMADOS (kilogramos)
A3: (blank) | C3: 0 | D3: 0 | E3: 0
A4: Grand Total | C4: 0 | D4: 0 | E4: 0

Sheet 3. Productores LPO
A1: Apéndice 3: Información de Productores LPO CGG. | I1: Nombre del CGG: | K1: =Instrucciones!B4 -> 0
C3: Totales Cal | D3: =COUNTIF(N5:N1005,"Cal") -> 0 | E3: Totales T1 | F3: =COUNTIF(N5:N1005,"T1") -> 0 | G3: Totales T2 | H3: =COUNTIF(N5:N1005,"T2") -> 0 | I3: Totales T3 | J3: =COUNTIF(N5:N1005,"T3") -> 0 | K3: Totales Org | L3: =COUNTIF(N5:N1005,"Org") -> 0 | M3: Totales Todos | N3: =COUNTA('1. Productores NOP'!E5:'1. Productores NOP'!E1004) -> 0
A4: # | B4: Código: Número de Documento Personal | C4: PRIMER NOMBRE DEL PRODUCTOR | D4: SEGUNDO NOMBRE DEL PRODUCTOR | E4: PRIMER APELLIDO DEL PRODUCTOR | F4: SEGUNDO APELLIDO DEL PRODUCTOR | G4: NOMBRE DE LA COMUNIDAD O SUBGRUPO | H4: FECHA DE LA ÚLTIMA APLICACIÓN DE INSUMOS PROHIBIDOS | I4: FECHA DE ENTRADA A LA TRANSICIÓN ORGÁNICA | J4: FECHA DE LA PRIMERA INSPECCIÓN INTERNA | K4: FECHA DE LA ULTIMA INSPECCIÓN INTERNA | L4: FECHA DE LA ÚLTIMA INSPECCIÓN EXTERNA | M4: FECHA DE CALIFICACIÓN PARA EL PROGRAMA ORGÁNICO | N4: ESTADO DE LA TRANSICIÓN. | O4: ÁREA TOTAL DE LA FINCA (Ha) | P4: CULTIVO EN PRODUCCIÓN PARALELA O EN PRODUCCIÓN MIXTA (Hectáreas) | Q4: AREA EN PRODUCCIÓN PARALELA O MIXTA (Hectáreas) | R4: Hectáreas de Cultivo en Crecimiento (Solo perennes) | S4: Hectáreas de Cultivo en Producción | T4: Hectáreas con Cultivo Establecido | U4: Número de Campos | V4: Georreferenciación Este-Norte-Altitud | W4: RENDIMIENTOS ESTIMADOS EN KILOGRAMOS DE FRUTO (CEREZA DE CAFÉ O MAZORCA DE CACAO) | X4: Solo para uso del inspector. Marque con el año (25, 26, 27, etc.) si este productor fue inspeccionado durante la inspección externa. | Y4: Nota 1: | Z4: Nota 2: | AA4: Nota 3: | AB4: Nota 4: | AC4: Nota 5:
A5: 1 | B5: =IF('1. Productores NOP'!B5=0,"",'1. Productores NOP'!B5) | C5: =IF('1. Productores NOP'!C5=0,"",'1. Productores NOP'!C5) | D5: =IF('1. Productores NOP'!D5=0,"",'1. Productores NOP'!D5) | E5: =IF('1. Productores NOP'!E5=0,"",'1. Productores NOP'!E5) | F5: =IF('1. Productores NOP'!F5=0,"",'1. Productores NOP'!F5) | G5: =IF('1. Productores NOP'!G5=0,"",'1. Productores NOP'!G5) | H5: =IF('1. Productores NOP'!H5=0,"",'1. Productores NOP'!H5) | I5: =IF('1. Productores NOP'!I5=0,"",'1. Productores NOP'!I5) | ... M5: =IF('1. Productores NOP'!M5=0,"",'1. Productores NOP'!M5) -> 1096 | O5: =IF('1. Productores NOP'!O5=0,"",'1. Productores NOP'!O5) | P5: =IF('1. Productores NOP'!P5=0,"",'1. Productores NOP'!P5) | Q5: =IF('1. Productores NOP'!Q5=0,"",'1. Productores NOP'!Q5) | R5: =IF('1. Productores NOP'!R5=0,"",'1. Productores NOP'!R5) | S5: =IF('1. Productores NOP'!S5=0,"",'1. Productores NOP'!S5) | T5: =IF('1. Productores NOP'!T5=0,"",'1. Productores NOP'!T5) | U5: =IF('1. Productores NOP'!U5=0,"",'1. Productores NOP'!U5) | V5: =IF('1. Productores NOP'!V5=0,"",'1. Productores NOP'!V5)
A6: 2 | B6: =IF('1. Productores NOP'!B6=0,"",'1. Productores NOP'!B6) | C6: =IF('1. Productores NOP'!C6=0,"",'1. Productores NOP'!C6) | D6: =IF('1. Productores NOP'!D6=0,"",'1. Productores NOP'!D6) | E6: =IF('1. Productores NOP'!F6=0,"",'1. Productores NOP'!F6) | F6: =IF('1. Productores NOP'!F6=0,"",'1. Productores NOP'!F6) | G6: =IF('1. Productores NOP'!G6=0,"",'1. Productores NOP'!G6) | H6: =IF('1. Productores NOP'!H6=0,"",'1. Productores NOP'!H6) | I6: =IF('1. Productores NOP'!I6=0,"",'1. Productores NOP'!I6) | J6: =IF('1. Productores NOP'!J6=0,"",'1. Productores NOP'!J6) | K6: =IF('1. Productores NOP'!K6=0,"",'1. Productores NOP'!K6) | L6: =IF('1. Productores NOP'!L6=0,"",'1. Productores NOP'!L6) | M6: =IF('1. Productores NOP'!M6=0,"",'1. Productores NOP'!M6) -> 1096 | O6: =IF('1. Productores NOP'!O6=0,"",'1. Productores NOP'!O6) | P6: =IF('1. Productores NOP'!P6=0,"",'1. Productores NOP'!P6) | Q6: =IF('1. Productores NOP'!Q6=0,"",'1. Productores NOP'!Q6) | R6: =IF('1. Productores NOP'!R6=0,"",'1. Productores NOP'!R6) | S6: =IF('1. Productores NOP'!S6=0,"",'1. Productores NOP'!S6) | T6: =IF('1. Productores NOP'!T6=0,"",'1. Productores NOP'!T6) | U6: =IF('1. Productores NOP'!U6=0,"",'1. Productores NOP'!U6) | V6: =IF('1. Productores NOP'!V6=0,"",'1. Productores NOP'!V6)
A7: 3 | B7: =IF('1. Productores NOP'!B7=0,"",'1. Productores NOP'!B7) | C7: =IF('1. Productores NOP'!C7=0,"",'1. Productores NOP'!C7) | D7: =IF('1. Productores NOP'!D7=0,"",'1. Productores NOP'!D7) | E7: =IF('1. Productores NOP'!F7=0,"",'1. Productores NOP'!F7) | F7: =IF('1. Productores NOP'!F7=0,"",'1. Productores NOP'!F7) | G7: =IF('1. Productores NOP'!G7=0,"",'1. Productores NOP'!G7) | H7: =IF('1. Productores NOP'!H7=0,"",'1. Productores NOP'!H7) | I7: =IF('1. Productores NOP'!I7=0,"",'1. Productores NOP'!I7) | J7: =IF('1. Productores NOP'!J7=0,"",'1. Productores NOP'!J7) | K7: =IF('1. Productores NOP'!K7=0,"",'1. Productores NOP'!K7) | L7: =IF('1. Productores NOP'!L7=0,"",'1. Productores NOP'!L7) | M7: =IF('1. Productores NOP'!M7=0,"",'1. Productores NOP'!M7) -> 1096 | O7: =IF('1. Productores NOP'!O7=0,"",'1. Productores NOP'!O7) | P7: =IF('1. Productores NOP'!P7=0,"",'1. Productores NOP'!P7) | Q7: =IF('1. Productores NOP'!Q7=0,"",'1. Productores NOP'!Q7) | R7: =IF('1. Productores NOP'!R7=0,"",'1. Productores NOP'!R7) | S7: =IF('1. Productores NOP'!S7=0,"",'1. Productores NOP'!S7) | T7: =IF('1. Productores NOP'!T7=0,"",'1. Productores NOP'!T7) | U7: =IF('1. Productores NOP'!U7=0,"",'1. Productores NOP'!U7) | V7: =IF('1. Productores NOP'!V7=0,"",'1. Productores NOP'!V7)
A8: 4 | B8: =IF('1. Productores NOP'!B8=0,"",'1. Productores NOP'!B8) | C8: =IF('1. Productores NOP'!C8=0,"",'1. Productores NOP'!C8) | D8: =IF('1. Productores NOP'!D8=0,"",'1. Productores NOP'!D8) | E8: =IF('1. Productores NOP'!E8=0,"",'1. Productores NOP'!E8) | F8: =IF('1. Productores NOP'!F8=0,"",'1. Productores NOP'!F8) | G8: =IF('1. Productores NOP'!G8=0,"",'1. Productores NOP'!G8) | H8: =IF('1. Productores NOP'!H8=0,"",'1. Productores NOP'!H8) | I8: =IF('1. Productores NOP'!I8=0,"",'1. Productores NOP'!I8) | ... M8: =IF('1. Productores NOP'!M8=0,"",'1. Productores NOP'!M8) -> 1096 | O8: =IF('1. Productores NOP'!O8=0,"",'1. Productores NOP'!O8) | P8: =IF('1. Productores NOP'!P8=0,"",'1. Productores NOP'!P8) | Q8: =IF('1. Productores NOP'!Q8=0,"",'1. Productores NOP'!Q8) | R8: =IF('1. Productores NOP'!R8=0,"",'1. Productores NOP'!R8) | S8: =IF('1. Productores NOP'!S8=0,"",'1. Productores NOP'!S8) | T8: =IF('1. Productores NOP'!T8=0,"",'1. Productores NOP'!T8) | U8: =IF('1. Productores NOP'!U8=0,"",'1. Productores NOP'!U8) | V8: =IF('1. Productores NOP'!V8=0,"",'1. Productores NOP'!V8)
A9: 5 | B9: =IF('1. Productores NOP'!B9=0,"",'1. Productores NOP'!B9) | C9: =IF('1. Productores NOP'!C9=0,"",'1. Productores NOP'!C9) | D9: =IF('1. Productores NOP'!D9=0,"",'1. Productores NOP'!D9) | E9: =IF('1. Productores NOP'!E9=0,"",'1. Productores NOP'!E9) | F9: =IF('1. Productores NOP'!F9=0,"",'1. Productores NOP'!F9) | G9: =IF('1. Productores NOP'!G9=0,"",'1. Productores NOP'!G9) | H9: =IF('1. Productores NOP'!H9=0,"",'1. Productores NOP'!H9) | I9: =IF('1. Productores NOP'!I9=0,"",'1. Productores NOP'!I9) | ... M9: =IF('1. Productores NOP'!M9=0,"",'1. Productores NOP'!M9) -> 1096 | O9: =IF('1. Productores NOP'!O9=0,"",'1. Productores NOP'!O9) | P9: =IF('1. Productores NOP'!P9=0,"",'1. Productores NOP'!P9) | Q9: =IF('1. Productores NOP'!Q9=0,"",'1. Productores NOP'!Q9) | R9: =IF('1. Productores NOP'!R9=0,"",'1. Productores NOP'!R9) | S9: =IF('1. Productores NOP'!S9=0,"",'1. Productores NOP'!S9) | T9: =IF('1. Productores NOP'!T9=0,"",'1. Productores NOP'!T9) | U9: =IF('1. Productores NOP'!U9=0,"",'1. Productores NOP'!U9) | V9: =IF('1. Productores NOP'!V9=0,"",'1. Productores NOP'!V9)
A10: 6 | B10: =IF('1. Productores NOP'!B10=0,"",'1. Productores NOP'!B10) | C10: =IF('1. Productores NOP'!C10=0,"",'1. Productores NOP'!C10) | D10: =IF('1. Productores NOP'!D10=0,"",'1. Productores NOP'!D10) | E10: =IF('1. Productores NOP'!E10=0,"",'1. Productores NOP'!E10) | F10: =IF('1. Productores NOP'!F10=0,"",'1. Productores NOP'!F10) | G10: =IF('1. Productores NOP'!G10=0,"",'1. Productores NOP'!G10) | H10: =IF('1. Productores NOP'!H10=0,"",'1. Productores NOP'!H10) | I10: =IF('1. Productores NOP'!I10=0,"",'1. Productores NOP'!I10) | ... M10: =IF('1. Productores NOP'!M10=0,"",'1. Productores NOP'!M10) -> 1096 | O10: =IF('1. Productores NOP'!O10=0,"",'1. Productores NOP'!O10) | P10: =IF('1. Productores NOP'!P10=0,"",'1. Productores NOP'!P10) | Q10: =IF('1. Productores NOP'!Q10=0,"",'1. Productores NOP'!Q10) | R10: =IF('1. Productores NOP'!R10=0,"",'1. Productores NOP'!R10) | S10: =IF('1. Productores NOP'!S10=0,"",'1. Productores NOP'!S10) | T10: =IF('1. Productores NOP'!T10=0,"",'1. Productores NOP'!T10) | U10: =IF('1. Productores NOP'!U10=0,"",'1. Productores NOP'!U10) | V10: =IF('1. Productores NOP'!V10=0,"",'1. Productores NOP'!V10)
A11: 7 | B11: =IF('1. Productores NOP'!B11=0,"",'1. Productores NOP'!B11) | C11: =IF('1. Productores NOP'!C11=0,"",'1. Productores NOP'!C11) | D11: =IF('1. Productores NOP'!D11=0,"",'1. Productores NOP'!D11) | E11: =IF('1. Productores NOP'!E11=0,"",'1. Productores NOP'!E11) | F11: =IF('1. Productores NOP'!F11=0,"",'1. Productores NOP'!F11) | G11: =IF('1. Productores NOP'!G11=0,"",'1. Productores NOP'!G11) | H11: =IF('1. Productores NOP'!H11=0,"",'1. Productores NOP'!H11) | I11: =IF('1. Productores NOP'!I11=0,"",'1. Productores NOP'!I11) | ... M11: =IF('1. Productores NOP'!M11=0,"",'1. Productores NOP'!M11) -> 1096 | O11: =IF('1. Productores NOP'!O11=0,"",'1. Productores NOP'!O11) | P11: =IF('1. Productores NOP'!P11=0,"",'1. Productores NOP'!P11) | Q11: =IF('1. Productores NOP'!Q11=0,"",'1. Productores NOP'!Q11) | R11: =IF('1. Productores NOP'!R11=0,"",'1. Productores NOP'!R11) | S11: =IF('1. Productores NOP'!S11=0,"",'1. Productores NOP'!S11) | T11: =IF('1. Productores NOP'!T11=0,"",'1. Productores NOP'!T11) | U11: =IF('1. Productores NOP'!U11=0,"",'1. Productores NOP'!U11) | V11: =IF('1. Productores NOP'!V11=0,"",'1. Productores NOP'!V11)
A12: 8 | B12: =IF('1. Productores NOP'!B12=0,"",'1. Productores NOP'!B12) | C12: =IF('1. Productores NOP'!C12=0,"",'1. Productores NOP'!C12) | D12: =IF('1. Productores NOP'!D12=0,"",'1. Productores NOP'!D12) | E12: =IF('1. Productores NOP'!E12=0,"",'1. Productores NOP'!E12) | F12: =IF('1. Productores NOP'!F12=0,"",'1. Productores NOP'!F12) | G12: =IF('1. Productores NOP'!G12=0,"",'1. Productores NOP'!G12) | H12: =IF('1. Productores NOP'!H12=0,"",'1. Productores NOP'!H12) | I12: =IF('1. Productores NOP'!I12=0,"",'1. Productores NOP'!I12) | ... M12: =IF('1. Productores NOP'!M12=0,"",'1. Productores NOP'!M12) -> 1096 | O12: =IF('1. Productores NOP'!O12=0,"",'1. Productores NOP'!O12) | P12: =IF('1. Productores NOP'!P12=0,"",'1. Productores NOP'!P12) | Q12: =IF('1. Productores NOP'!Q12=0,"",'1. Productores NOP'!Q12) | R12: =IF('1. Productores NOP'!R12=0,"",'1. Productores NOP'!R12) | S12: =IF('1. Productores NOP'!S12=0,"",'1. Productores NOP'!S12) | T12: =IF('1. Productores NOP'!T12=0,"",'1. Productores NOP'!T12) | U12: =IF('1. Productores NOP'!U12=0,"",'1. Productores NOP'!U12) | V12: =IF('1. Productores NOP'!V12=0,"",'1. Productores NOP'!V12)
A13: 9 | B13: =IF('1. Productores NOP'!B13=0,"",'1. Productores NOP'!B13) | C13: =IF('1. Productores NOP'!C13=0,"",'1. Productores NOP'!C13) | D13: =IF('1. Productores NOP'!D13=0,"",'1. Productores NOP'!D13) | E13: =IF('1. Productores NOP'!E13=0,"",'1. Productores NOP'!E13) | F13: =IF('1. Productores NOP'!F13=0,"",'1. Productores NOP'!F13) | G13: =IF('1. Productores NOP'!G13=0,"",'1. Productores NOP'!G13) | H13: =IF('1. Productores NOP'!H13=0,"",'1. Productores NOP'!H13) | I13: =IF('1. Productores NOP'!I13=0,"",'1. Productores NOP'!I13) | ... M13: =IF('1. Productores NOP'!M13=0,"",'1. Productores NOP'!M13) -> 1096 | O13: =IF('1. Productores NOP'!O13=0,"",'1. Productores NOP'!O13) | P13: =IF('1. Productores NOP'!P13=0,"",'1. Productores NOP'!P13) | Q13: =IF('1. Productores NOP'!Q13=0,"",'1. Productores NOP'!Q13) | R13: =IF('1. Productores NOP'!R13=0,"",'1. Productores NOP'!R13) | S13: =IF('1. Productores NOP'!S13=0,"",'1. Productores NOP'!S13) | T13: =IF('1. Productores NOP'!T13=0,"",'1. Productores NOP'!T13) | U13: =IF('1. Productores NOP'!U13=0,"",'1. Productores NOP'!U13) | V13: =IF('1. Productores NOP'!V13=0,"",'1. Productores NOP'!V13)
A14: 10 | B14: =IF('1. Productores NOP'!B14=0,"",'1. Productores NOP'!B14) | C14: =IF('1. Productores NOP'!C14=0,"",'1. Productores NOP'!C14) | D14: =IF('1. Productores NOP'!D14=0,"",'1. Productores NOP'!D14) | E14: =IF('1. Productores NOP'!E14=0,"",'1. Productores NOP'!E14) | F14: =IF('1. Productores NOP'!F14=0,"",'1. Productores NOP'!F14) | G14: =IF('1. Productores NOP'!G14=0,"",'1. Productores NOP'!G14) | H14: =IF('1. Productores NOP'!H14=0,"",'1. Productores NOP'!H14) | I14: =IF('1. Productores NOP'!I14=0,"",'1. Productores NOP'!I14) | ... M14: =IF('1. Productores NOP'!M14=0,"",'1. Productores NOP'!M14) -> 1096 | O14: =IF('1. Productores NOP'!O14=0,"",'1. Productores NOP'!O14) | P14: =IF('1. Productores NOP'!P14=0,"",'1. Productores NOP'!P14) | Q14: =IF('1. Productores NOP'!Q14=0,"",'1. Productores NOP'!Q14) | R14: =IF('1. Productores NOP'!R14=0,"",'1. Productores NOP'!R14) | S14: =IF('1. Productores NOP'!S14=0,"",'1. Productores NOP'!S14) | T14: =IF('1. Productores NOP'!T14=0,"",'1. Productores NOP'!T14) | U14: =IF('1. Productores NOP'!U14=0,"",'1. Productores NOP'!U14) | V14: =IF('1. Productores NOP'!V14=0,"",'1. Productores NOP'!V14)
A15: 11 | B15: =IF('1. Productores NOP'!B15=0,"",'1. Productores NOP'!B15) | C15: =IF('1. Productores NOP'!C15=0,"",'1. Productores NOP'!C15) | D15: =IF('1. Productores NOP'!D15=0,"",'1. Productores NOP'!D15) | E15: =IF('1. Productores NOP'!E15=0,"",'1. Productores NOP'!E15) | F15: =IF('1. Productores NOP'!F15=0,"",'1. Productores NOP'!F15) | G15: =IF('1. Productores NOP'!G15=0,"",'1. Productores NOP'!G15) | H15: =IF('1. Productores NOP'!H15=0,"",'1. Productores NOP'!H15) | I15: =IF('1. Productores NOP'!I15=0,"",'1. Productores NOP'!I15) | ... M15: =IF('1. Productores NOP'!M15=0,"",'1. Productores NOP'!M15) -> 1096 | O15: =IF('1. Productores NOP'!O15=0,"",'1. Productores NOP'!O15) | P15: =IF('1. Productores NOP'!P15=0,"",'1. Productores NOP'!P15) | Q15: =IF('1. Productores NOP'!Q15=0,"",'1. Productores NOP'!Q15) | R15: =IF('1. Productores NOP'!R15=0,"",'1. Productores NOP'!R15) | S15: =IF('1. Productores NOP'!S15=0,"",'1. Productores NOP'!S15) | T15: =IF('1. Productores NOP'!T15=0,"",'1. Productores NOP'!T15) | U15: =IF('1. Productores NOP'!U15=0,"",'1. Productores NOP'!U15) | V15: =IF('1. Productores NOP'!V15=0,"",'1. Productores NOP'!V15)
A16: 12 | B16: =IF('1. Productores NOP'!B16=0,"",'1. Productores NOP'!B16) | C16: =IF('1. Productores NOP'!C16=0,"",'1. Productores NOP'!C16) | D16: =IF('1. Productores NOP'!D16=0,"",'1. Productores NOP'!D16) | E16: =IF('1. Productores NOP'!E16=0,"",'1. Productores NOP'!E16) | F16: =IF('1. Productores NOP'!F16=0,"",'1. Productores NOP'!F16) | G16: =IF('1. Productores NOP'!G16=0,"",'1. Productores NOP'!G16) | H16: =IF('1. Productores NOP'!H16=0,"",'1. Productores NOP'!H16) | I16: =IF('1. Productores NOP'!I16=0,"",'1. Productores NOP'!I16) | ... M16: =IF('1. Productores NOP'!M16=0,"",'1. Productores NOP'!M16) -> 1096 | O16: =IF('1. Productores NOP'!O16=0,"",'1. Productores NOP'!O16) | P16: =IF('1. Productores NOP'!P16=0,"",'1. Productores NOP'!P16) | Q16: =IF('1. Productores NOP'!Q16=0,"",'1. Productores NOP'!Q16) | R16: =IF('1. Productores NOP'!R16=0,"",'1. Productores NOP'!R16) | S16: =IF('1. Productores NOP'!S16=0,"",'1. Productores NOP'!S16) | T16: =IF('1. Productores NOP'!T16=0,"",'1. Productores NOP'!T16) | U16: =IF('1. Productores NOP'!U16=0,"",'1. Productores NOP'!U16) | V16: =IF('1. Productores NOP'!V16=0,"",'1. Productores NOP'!V16)
A17: 13 | B17: =IF('1. Productores NOP'!B17=0,"",'1. Productores NOP'!B17) | C17: =IF('1. Productores NOP'!C17=0,"",'1. Productores NOP'!C17) | D17: =IF('1. Productores NOP'!D17=0,"",'1. Productores NOP'!D17) | E17: =IF('1. Productores NOP'!E17=0,"",'1. Productores NOP'!E17) | F17: =IF('1. Productores NOP'!F17=0,"",'1. Productores NOP'!F17) | G17: =IF('1. Productores NOP'!G17=0,"",'1. Productores NOP'!G17) | H17: =IF('1. Productores NOP'!H17=0,"",'1. Productores NOP'!H17) | I17: =IF('1. Productores NOP'!I17=0,"",'1. Productores NOP'!I17) | ... M17: =IF('1. Productores NOP'!M17=0,"",'1. Productores NOP'!M17) -> 1096 | O17: =IF('1. Productores NOP'!O17=0,"",'1. Productores NOP'!O17) | P17: =IF('1. Productores NOP'!P17=0,"",'1. Productores NOP'!P17) | Q17: =IF('1. Productores NOP'!Q17=0,"",'1. Productores NOP'!Q17) | R17: =IF('1. Productores NOP'!R17=0,"",'1. Productores NOP'!R17) | S17: =IF('1. Productores NOP'!S17=0,"",'1. Productores NOP'!S17) | T17: =IF('1. Productores NOP'!T17=0,"",'1. Productores NOP'!T17) | U17: =IF('1. Productores NOP'!U17=0,"",'1. Productores NOP'!U17) | V17: =IF('1. Productores NOP'!V17=0,"",'1. Productores NOP'!V17)
A18: 14 | B18: =IF('1. Productores NOP'!B18=0,"",'1. Productores NOP'!B18) | C18: =IF('1. Productores NOP'!C18=0,"",'1. Productores NOP'!C18) | D18: =IF('1. Productores NOP'!D18=0,"",'1. Productores NOP'!D18) | E18: =IF('1. Productores NOP'!E18=0,"",'1. Productores NOP'!E18) | F18: =IF('1. Productores NOP'!F18=0,"",'1. Productores NOP'!F18) | G18: =IF('1. Productores NOP'!G18=0,"",'1. Productores NOP'!G18) | H18: =IF('1. Productores NOP'!H18=0,"",'1. Productores NOP'!H18) | I18: =IF('1. Productores NOP'!I18=0,"",'1. Productores NOP'!I18) | ... M18: =IF('1. Productores NOP'!M18=0,"",'1. Productores NOP'!M18) -> 1096 | O18: =IF('1. Productores NOP'!O18=0,"",'1. Productores NOP'!O18) | P18: =IF('1. Productores NOP'!P18=0,"",'1. Productores NOP'!P18) | Q18: =IF('1. Productores NOP'!Q18=0,"",'1. Productores NOP'!Q18) | R18: =IF('1. Productores NOP'!R18=0,"",'1. Productores NOP'!R18) | S18: =IF('1. Productores NOP'!S18=0,"",'1. Productores NOP'!S18) | T18: =IF('1. Productores NOP'!T18=0,"",'1. Productores NOP'!T18) | U18: =IF('1. Productores NOP'!U18=0,"",'1. Productores NOP'!U18) | V18: =IF('1. Productores NOP'!V18=0,"",'1. Productores NOP'!V18)
A19: 15 | B19: =IF('1. Productores NOP'!B19=0,"",'1. Productores NOP'!B19) | C19: =IF('1. Productores NOP'!C19=0,"",'1. Productores NOP'!C19) | D19: =IF('1. Productores NOP'!D19=0,"",'1. Productores NOP'!D19) | E19: =IF('1. Productores NOP'!E19=0,"",'1. Productores NOP'!E19) | F19: =IF('1. Productores NOP'!F19=0,"",'1. Productores NOP'!F19) | G19: =IF('1. Productores NOP'!G19=0,"",'1. Productores NOP'!G19) | H19: =IF('1. Productores NOP'!H19=0,"",'1. Productores NOP'!H19) | I19: =IF('1. Productores NOP'!I19=0,"",'1. Productores NOP'!I19) | ... M19: =IF('1. Productores NOP'!M19=0,"",'1. Productores NOP'!M19) -> 1096 | O19: =IF('1. Productores NOP'!O19=0,"",'1. Productores NOP'!O19) | P19: =IF('1. Productores NOP'!P19=0,"",'1. Productores NOP'!P19) | Q19: =IF('1. Productores NOP'!Q19=0,"",'1. Productores NOP'!Q19) | R19: =IF('1. Productores NOP'!R19=0,"",'1. Productores NOP'!R19) | S19: =IF('1. Productores NOP'!S19=0,"",'1. Productores NOP'!S19) | T19: =IF('1. Productores NOP'!T19=0,"",'1. Productores NOP'!T19) | U19: =IF('1. Productores NOP'!U19=0,"",'1. Productores NOP'!U19) | V19: =IF('1. Productores NOP'!V19=0,"",'1. Productores NOP'!V19)
... A1004: 1000 | B1004: =IF('1. Productores NOP'!B1004=0,"",'1. Productores NOP'!B1004) | C1004: =IF('1. Productores NOP'!C1004=0,"",'1. Productores NOP'!C1004) | D1004: =IF('1. Productores NOP'!D1004=0,"",'1. Productores NOP'!D1004) | E1004: =IF('1. Productores NOP'!E1004=0,"",'1. Productores NOP'!E1004) | F1004: =IF('1. Productores NOP'!F1004=0,"",'1. Productores NOP'!F1004) | G1004: =IF('1. Productores NOP'!G1004=0,"",'1. Productores NOP'!G1004) | H1004: =IF('1. Productores NOP'!H1004=0,"",'1. Productores NOP'!H1004) | I1004: =IF('1. Productores NOP'!I1004=0,"",'1. Productores NOP'!I1004) | ... M1004: =IF('1. Productores NOP'!M1004=0,"",'1. Productores NOP'!M1004) -> 1096 | O1004: =IF('1. Productores NOP'!O1004=0,"",'1. Productores NOP'!O1004) | P1004: =IF('1. Productores NOP'!P1004=0,"",'1. Productores NOP'!P1004) | Q1004: =IF('1. Productores NOP'!Q1004=0,"",'1. Productores NOP'!Q1004) | R1004: =IF('1. Productores NOP'!R1004=0,"",'1. Productores NOP'!R1004) | S1004: =IF('1. Productores NOP'!S1004=0,"",'1. Productores NOP'!S1004) | T1004: =IF('1. Productores NOP'!T1004=0,"",'1. Productores NOP'!T1004) | U1004: =IF('1. Productores NOP'!U1004=0,"",'1. Productores NOP'!U1004) | V1004: =IF('1. Productores NOP'!V1004=0,"",'1. Productores NOP'!V1004)

Sheet 3.1 Totales LPO
A1: Esta hoja de calculo no se actualiza automaticamente. Necesita dar click en Pivot Table (Tabla Pivot) y despues Refresh (Actualizar) cuando los datos hayan cambiado
A2: ESTADO DE LA TRANSICIÓN. | B2: Count of ESTADO DE LA TRANSICIÓN. | C2: Sum of Número de Campos | D2: Sum of ÁREA TOTAL DE LA FINCA (Ha) | E2: Sum of RENDIMIENTOS ESTIMADOS EN KILOGRAMOS DE FRUTO (CEREZA DE CAFÉ O MAZORCA DE CACAO)
A3: (blank) | C3: 0 | D3: 0
A4: Grand Total | C4: 0 | D4: 0

Sheet 4. Productores RTPO
A1: Apéncide 4: Información de Productores RTPO CGG. | I1: Nombre del CGG: | K1: =Instrucciones!B4 -> 0
C3: Totales Cali | D3: =COUNTIF(N5:N1005,"Cal") -> 0 | E3: Totales T1 | F3: =COUNTIF(N5:N1005,"T1") -> 0 | G3: Totales T2 | H3: =COUNTIF(N5:N1005,"T2") -> 0 | I3: Totales T3 | J3: =COUNTIF(N5:N1005,"T3") -> 0 | K3: Totales Org | L3: =COUNTIF(N5:N1005,"Org") -> 0 | M3: Totales Todos | N3: =COUNTA('1. Productores NOP'!E5:'1. Productores NOP'!E1004) -> 0
A4: # | B4: Código: Número de Documento Personal [p.e. DNI, INE, numero de socio] | C4: PRIMER NOMBRE DEL PRODUCTOR | D4: SEGUNDO NOMBRE DEL PRODUCTOR | E4: PRIMER APELLIDO DEL PRODUCTOR | F4: SEGUNDO APELLIDO DEL PRODUCTOR | G4: NOMBRE DE LA COMUNIDAD O SUBGRUPO | H4: FECHA DE LA ÚLTIMA APLICACIÓN DE INSUMOS PROHIBIDOS | I4: FECHA DE ENTRADA A LA TRANSICIÓN ORGÁNICA | J4: FECHA DE LA PRIMERA INSPECCIÓN INTERNA | K4: FECHA DE LA ULTIMA INSPECCIÓN INTERNA | L4: FECHA DE LA ÚLTIMA INSPECCIÓN EXTERNA | M4: FECHA DE CALIFICACIÓN PARA EL PROGRAMA ORGÁNICO | N4: ESTADO DE LA TRANSICIÓN. | O4: ÁREA TOTAL DE LA FINCA (Ha) | P4: CULTIVO EN PRODUCCIÓN PARALELA O EN PRODUCCIÓN MIXTA (Hectáreas) | Q4: AREA EN PRODUCCIÓN PARALELA O MIXTA (Hectáreas) | R4: Hectareas de Cultivo en Crecimiento (Solo perennes) | S4: Hectareas de Cultivo en Producción | T4: Hectareas de Cultivo Establecido | U4: Hectareas con Cultivo Establecido | V4: Número de Campos | W4: Zona UTM Elejir una Opción | X4: Georreferenciación Este-Norte-Altitud | Y4: RENDIMIENTOS ESTIMADOS (kilogramos) | Z4: Solo para uso del inspector. Marque con el año (25, 26, 27, etc.) si este productor fue inspeccionado durante la inspección externa. | AA4: Nota 1: | AB4: Nota 2: | AC4: Nota 3: | AD4: Nota 4: | AE4: Nota 5:
A5: 1 | B5: =IF('1. Productores NOP'!B5=0,"",'1. Productores NOP'!B5) | C5: =IF('1. Productores NOP'!C5=0,"",'1. Productores NOP'!C5) | D5: =IF('1. Productores NOP'!D5=0,"",'1. Productores NOP'!D5) | E5: =IF('1. Productores NOP'!E5=0,"",'1. Productores NOP'!E5) | F5: =IF('1. Productores NOP'!F5=0,"",'1. Productores NOP'!F5) | G5: =IF('1. Productores NOP'!G5=0,"",'1. Productores NOP'!G5) | H5: =IF('1. Productores NOP'!H5=0,"",'1. Productores NOP'!H5) | I5: =IF('1. Productores NOP'!I5=0,"",'1. Productores NOP'!I5) | ... M5: =IF('1. Productores NOP'!M5=0,"",'1. Productores NOP'!M5) -> 1096 | O5: =IF('1. Productores NOP'!O5=0,"",'1. Productores NOP'!O5) | P5: =IF('1. Productores NOP'!P5=0,"",'1. Productores NOP'!P5) | Q5: =IF('1. Productores NOP'!Q5=0,"",'1. Productores NOP'!Q5) | R5: =IF('1. Productores NOP'!R5=0,"",'1. Productores NOP'!R5) | S5: =IF('1. Productores NOP'!S5=0,"",'1. Productores NOP'!S5) | U5: =IF('1. Productores NOP'!T5=0,"",'1. Productores NOP'!T5) | V5: =IF('1. Productores NOP'!U5=0,"",'1. Productores NOP'!U5) | X5: 719686 - 9392023 - 1128 | Y5: =IF('1. Productores NOP'!W5=0,"",'1. Productores NOP'!W5)
A6: 2 | B6: =IF('1. Productores NOP'!B6=0,"",'1. Productores NOP'!B6) | C6: =IF('1. Productores NOP'!C6=0,"",'1. Productores NOP'!C6) | D6: =IF('1. Productores NOP'!D6=0,"",'1. Productores NOP'!D6) | E6: =IF('1. Productores NOP'!F6=0,"",'1. Productores NOP'!F6) | F6: =IF('1. Productores NOP'!F6=0,"",'1. Productores NOP'!F6) | G6: =IF('1. Productores NOP'!G6=0,"",'1. Productores NOP'!G6) | H6: =IF('1. Productores NOP'!H6=0,"",'1. Productores NOP'!H6) | I6: =IF('1. Productores NOP'!I6=0,"",'1. Productores NOP'!I6) | J6: =IF('1. Productores NOP'!J6=0,"",'1. Productores NOP'!J6) | K6: =IF('1. Productores NOP'!K6=0,"",'1. Productores NOP'!K6) | L6: =IF('1. Productores NOP'!L6=0,"",'1. Productores NOP'!L6) | M6: =IF('1. Productores NOP'!M6=0,"",'1. Productores NOP'!M6) -> 1096 | O6: =IF('1. Productores NOP'!O6=0,"",'1. Productores NOP'!O6) | P6: =IF('1. Productores NOP'!P6=0,"",'1. Productores NOP'!P6) | Q6: =IF('1. Productores NOP'!Q6=0,"",'1. Productores NOP'!Q6) | R6: =IF('1. Productores NOP'!R6=0,"",'1. Productores NOP'!R6) | S6: =IF('1. Productores NOP'!S6=0,"",'1. Productores NOP'!S6) | U6: =IF('1. Productores NOP'!T6=0,"",'1. Productores NOP'!T6) | V6: =IF('1. Productores NOP'!U6=0,"",'1. Productores NOP'!U6) | X6: 719444 - 9391602 - 1371 | Y6: =IF('1. Productores NOP'!W6=0,"",'1. Productores NOP'!W6)
A7: 3 | B7: =IF('1. Productores NOP'!B7=0,"",'1. Productores NOP'!B7) | C7: =IF('1. Productores NOP'!C7=0,"",'1. Productores NOP'!C7) | D7: =IF('1. Productores NOP'!D7=0,"",'1. Productores NOP'!D7) | E7: =IF('1. Productores NOP'!F7=0,"",'1. Productores NOP'!F7) | F7: =IF('1. Productores NOP'!F7=0,"",'1. Productores NOP'!F7) | G7: =IF('1. Productores NOP'!G7=0,"",'1. Productores NOP'!G7) | H7: =IF('1. Productores NOP'!H7=0,"",'1. Productores NOP'!H7) | I7: =IF('1. Productores NOP'!I7=0,"",'1. Productores NOP'!I7) | J7: =IF('1. Productores NOP'!J7=0,"",'1. Productores NOP'!J7) | K7: =IF('1. Productores NOP'!K7=0,"",'1. Productores NOP'!K7) | L7: =IF('1. Productores NOP'!L7=0,"",'1. Productores NOP'!L7) | M7: =IF('1. Productores NOP'!M7=0,"",'1. Productores NOP'!M7) -> 1096 | O7: =IF('1. Productores NOP'!O7=0,"",'1. Productores NOP'!O7) | P7: =IF('1. Productores NOP'!P7=0,"",'1. Productores NOP'!P7) | Q7: =IF('1. Productores NOP'!Q7=0,"",'1. Productores NOP'!Q7) | R7: =IF('1. Productores NOP'!R7=0,"",'1. Productores NOP'!R7) | S7: =IF('1. Productores NOP'!S7=0,"",'1. Productores NOP'!S7) | U7: =IF('1. Productores NOP'!T7=0,"",'1. Productores NOP'!T7) | V7: =IF('1. Productores NOP'!U7=0,"",'1. Productores NOP'!U7) | X7: 718856 - 9393026 - 1489 | Y7: =IF('1. Productores NOP'!W7=0,"",'1. Productores NOP'!W7)
A8: 4 | B8: =IF('1. Productores NOP'!B8=0,"",'1. Productores NOP'!B8) | C8: =IF('1. Productores NOP'!C8=0,"",'1. Productores NOP'!C8) | D8: =IF('1. Productores NOP'!D8=0,"",'1. Productores NOP'!D8) | E8: =IF('1. Productores NOP'!E8=0,"",'1. Productores NOP'!E8) | F8: =IF('1. Productores NOP'!F8=0,"",'1. Productores NOP'!F8) | G8: =IF('1. Productores NOP'!G8=0,"",'1. Productores NOP'!G8) | H8: =IF('1. Productores NOP'!H8=0,"",'1. Productores NOP'!H8) | I8: =IF('1. Productores NOP'!I8=0,"",'1. Productores NOP'!I8) | ... M8: =IF('1. Productores NOP'!M8=0,"",'1. Productores NOP'!M8) -> 1096 | O8: =IF('1. Productores NOP'!O8=0,"",'1. Productores NOP'!O8) | P8: =IF('1. Productores NOP'!P8=0,"",'1. Productores NOP'!P8) | Q8: =IF('1. Productores NOP'!Q8=0,"",'1. Productores NOP'!Q8) | R8: =IF('1. Productores NOP'!R8=0,"",'1. Productores NOP'!R8) | S8: =IF('1. Productores NOP'!S8=0,"",'1. Productores NOP'!S8) | U8: =IF('1. Productores NOP'!T8=0,"",'1. Productores NOP'!T8) | V8: =IF('1. Productores NOP'!U8=0,"",'1. Productores NOP'!U8) | X8: 719360 - 9390842 - 1492 | Y8: =IF('1. Productores NOP'!W8=0,"",'1. Productores NOP'!W8)
A9: 5 | B9: =IF('1. Productores NOP'!B9=0,"",'1. Productores NOP'!B9) | C9: =IF('1. Productores NOP'!C9=0,"",'1. Productores NOP'!C9) | D9: =IF('1. Productores NOP'!D9=0,"",'1. Productores NOP'!D9) | E9: =IF('1. Productores NOP'!E9=0,"",'1. Productores NOP'!E9) | F9: =IF('1. Productores NOP'!F9=0,"",'1. Productores NOP'!F9) | G9: =IF('1. Productores NOP'!G9=0,"",'1. Productores NOP'!G9) | H9: =IF('1. Productores NOP'!H9=0,"",'1. Productores NOP'!H9) | I9: =IF('1. Productores NOP'!I9=0,"",'1. Productores NOP'!I9) | ... M9: =IF('1. Productores NOP'!M9=0,"",'1. Productores NOP'!M9) -> 1096 | O9: =IF('1. Productores NOP'!O9=0,"",'1. Productores NOP'!O9) | P9: =IF('1. Productores NOP'!P9=0,"",'1. Productores NOP'!P9) | Q9: =IF('1. Productores NOP'!Q9=0,"",'1. Productores NOP'!Q9) | R9: =IF('1. Productores NOP'!R9=0,"",'1. Productores NOP'!R9) | S9: =IF('1. Productores NOP'!S9=0,"",'1. Productores NOP'!S9) | U9: =IF('1. Productores NOP'!T9=0,"",'1. Productores NOP'!T9) | V9: =IF('1. Productores NOP'!U9=0,"",'1. Productores NOP'!U9) | X9: 718665 - 9397638 - 1601 | Y9: =IF('1. Productores NOP'!W9=0,"",'1. Productores NOP'!W9)
A10: 6 | B10: =IF('1. Productores NOP'!B10=0,"",'1. Productores NOP'!B10) | C10: =IF('1. Productores NOP'!C10=0,"",'1. Productores NOP'!C10) | D10: =IF('1. Productores NOP'!D10=0,"",'1. Productores NOP'!D10) | E10: =IF('1. Productores NOP'!E10=0,"",'1. Productores NOP'!E10) | F10: =IF('1. Productores NOP'!F10=0,"",'1. Productores NOP'!F10) | G10: =IF('1. Productores NOP'!G10=0,"",'1. Productores NOP'!G10) | H10: =IF('1. Productores NOP'!H10=0,"",'1. Productores NOP'!H10) | I10: =IF('1. Productores NOP'!I10=0,"",'1. Productores NOP'!I10) | ... M10: =IF('1. Productores NOP'!M10=0,"",'1. Productores NOP'!M10) -> 1096 | O10: =IF('1. Productores NOP'!O10=0,"",'1. Productores NOP'!O10) | P10: =IF('1. Productores NOP'!P10=0,"",'1. Productores NOP'!P10) | Q10: =IF('1. Productores NOP'!Q10=0,"",'1. Productores NOP'!Q10) | R10: =IF('1. Productores NOP'!R10=0,"",'1. Productores NOP'!R10) | S10: =IF('1. Productores NOP'!S10=0,"",'1. Productores NOP'!S10) | U10: =IF('1. Productores NOP'!T10=0,"",'1. Productores NOP'!T10) | V10: =IF('1. Productores NOP'!U10=0,"",'1. Productores NOP'!U10) | X10: 717949 - 9391756 - 1503 | Y10: =IF('1. Productores NOP'!W10=0,"",'1. Productores NOP'!W10)
A11: 7 | B11: =IF('1. Productores NOP'!B11=0,"",'1. Productores NOP'!B11) | C11: =IF('1. Productores NOP'!C11=0,"",'1. Productores NOP'!C11) | D11: =IF('1. Productores NOP'!D11=0,"",'1. Productores NOP'!D11) | E11: =IF('1. Productores NOP'!E11=0,"",'1. Productores NOP'!E11) | F11: =IF('1. Productores NOP'!F11=0,"",'1. Productores NOP'!F11) | G11: =IF('1. Productores NOP'!G11=0,"",'1. Productores NOP'!G11) | H11: =IF('1. Productores NOP'!H11=0,"",'1. Productores NOP'!H11) | I11: =IF('1. Productores NOP'!I11=0,"",'1. Productores NOP'!I11) | ... M11: =IF('1. Productores NOP'!M11=0,"",'1. Productores NOP'!M11) -> 1096 | O11: =IF('1. Productores NOP'!O11=0,"",'1. Productores NOP'!O11) | P11: =IF('1. Productores NOP'!P11=0,"",'1. Productores NOP'!P11) | Q11: =IF('1. Productores NOP'!Q11=0,"",'1. Productores NOP'!Q11) | R11: =IF('1. Productores NOP'!R11=0,"",'1. Productores NOP'!R11) | S11: =IF('1. Productores NOP'!S11=0,"",'1. Productores NOP'!S11) | U11: =IF('1. Productores NOP'!T11=0,"",'1. Productores NOP'!T11) | V11: =IF('1. Productores NOP'!U11=0,"",'1. Productores NOP'!U11) | X11: 718169 - 9391601 - 1596 | Y11: =IF('1. Productores NOP'!W11=0,"",'1. Productores NOP'!W11)
A12: 8 | B12: =IF('1. Productores NOP'!B12=0,"",'1. Productores NOP'!B12) | C12: =IF('1. Productores NOP'!C12=0,"",'1. Productores NOP'!C12) | D12: =IF('1. Productores NOP'!D12=0,"",'1. Productores NOP'!D12) | E12: =IF('1. Productores NOP'!E12=0,"",'1. Productores NOP'!E12) | F12: =IF('1. Productores NOP'!F12=0,"",'1. Productores NOP'!F12) | G12: =IF('1. Productores NOP'!G12=0,"",'1. Productores NOP'!G12) | H12: =IF('1. Productores NOP'!H12=0,"",'1. Productores NOP'!H12) | I12: =IF('1. Productores NOP'!I12=0,"",'1. Productores NOP'!I12) | ... M12: =IF('1. Productores NOP'!M12=0,"",'1. Productores NOP'!M12) -> 1096 | O12: =IF('1. Productores NOP'!O12=0,"",'1. Productores NOP'!O12) | P12: =IF('1. Productores NOP'!P12=0,"",'1. Productores NOP'!P12) | Q12: =IF('1. Productores NOP'!Q12=0,"",'1. Productores NOP'!Q12) | R12: =IF('1. Productores NOP'!R12=0,"",'1. Productores NOP'!R12) | S12: =IF('1. Productores NOP'!S12=0,"",'1. Productores NOP'!S12) | U12: =IF('1. Productores NOP'!T12=0,"",'1. Productores NOP'!T12) | V12: =IF('1. Productores NOP'!U12=0,"",'1. Productores NOP'!U12) | X12: 717903 - 9391844 - 1448 | Y12: =IF('1. Productores NOP'!W12=0,"",'1. Productores NOP'!W12)
A13: 9 | B13: =IF('1. Productores NOP'!B13=0,"",'1. Productores NOP'!B13) | C13: =IF('1. Productores NOP'!C13=0,"",'1. Productores NOP'!C13) | D13: =IF('1. Productores NOP'!D13=0,"",'1. Productores NOP'!D13) | E13: =IF('1. Productores NOP'!E13=0,"",'1. Productores NOP'!E13) | F13: =IF('1. Productores NOP'!F13=0,"",'1. Productores NOP'!F13) | G13: =IF('1. Productores NOP'!G13=0,"",'1. Productores NOP'!G13) | H13: =IF('1. Productores NOP'!H13=0,"",'1. Productores NOP'!H13) | I13: =IF('1. Productores NOP'!I13=0,"",'1. Productores NOP'!I13) | ... M13: =IF('1. Productores NOP'!M13=0,"",'1. Productores NOP'!M13) -> 1096 | O13: =IF('1. Productores NOP'!O13=0,"",'1. Productores NOP'!O13) | P13: =IF('1. Productores NOP'!P13=0,"",'1. Productores NOP'!P13) | Q13: =IF('1. Productores NOP'!Q13=0,"",'1. Productores NOP'!Q13) | R13: =IF('1. Productores NOP'!R13=0,"",'1. Productores NOP'!R13) | S13: =IF('1. Productores NOP'!S13=0,"",'1. Productores NOP'!S13) | U13: =IF('1. Productores NOP'!T13=0,"",'1. Productores NOP'!T13) | V13: =IF('1. Productores NOP'!U13=0,"",'1. Productores NOP'!U13) | X13: 719052 - 9392896 - 1491 | Y13: =IF('1. Productores NOP'!W13=0,"",'1. Productores NOP'!W13)
A14: 10 | B14: =IF('1. Productores NOP'!B14=0,"",'1. Productores NOP'!B14) | C14: =IF('1. Productores NOP'!C14=0,"",'1. Productores NOP'!C14) | D14: =IF('1. Productores NOP'!D14=0,"",'1. Productores NOP'!D14) | E14: =IF('1. Productores NOP'!E14=0,"",'1. Productores NOP'!E14) | F14: =IF('1. Productores NOP'!F14=0,"",'1. Productores NOP'!F14) | G14: =IF('1. Productores NOP'!G14=0,"",'1. Productores NOP'!G14) | H14: =IF('1. Productores NOP'!H14=0,"",'1. Productores NOP'!H14) | I14: =IF('1. Productores NOP'!I14=0,"",'1. Productores NOP'!I14) | ... M14: =IF('1. Productores NOP'!M14=0,"",'1. Productores NOP'!M14) -> 1096 | O14: =IF('1. Productores NOP'!O14=0,"",'1. Productores NOP'!O14) | P14: =IF('1. Productores NOP'!P14=0,"",'1. Productores NOP'!P14) | Q14: =IF('1. Productores NOP'!Q14=0,"",'1. Productores NOP'!Q14) | R14: =IF('1. Productores NOP'!R14=0,"",'1. Productores NOP'!R14) | S14: =IF('1. Productores NOP'!S14=0,"",'1. Productores NOP'!S14) | U14: =IF('1. Productores NOP'!T14=0,"",'1. Productores NOP'!T14) | V14: =IF('1. Productores NOP'!U14=0,"",'1. Productores NOP'!U14) | X14: 719442 - 9391624 - 1349 | Y14: =IF('1. Productores NOP'!W14=0,"",'1. Productores NOP'!W14)
A15: 11 | B15: =IF('1. Productores NOP'!B15=0,"",'1. Productores NOP'!B15) | C15: =IF('1. Productores NOP'!C15=0,"",'1. Productores NOP'!C15) | D15: =IF('1. Productores NOP'!D15=0,"",'1. Productores NOP'!D15) | E15: =IF('1. Productores NOP'!E15=0,"",'1. Productores NOP'!E15) | F15: =IF('1. Productores NOP'!F15=0,"",'1. Productores NOP'!F15) | G15: =IF('1. Productores NOP'!G15=0,"",'1. Productores NOP'!G15) | H15: =IF('1. Productores NOP'!H15=0,"",'1. Productores NOP'!H15) | I15: =IF('1. Productores NOP'!I15=0,"",'1. Productores NOP'!I15) | ... M15: =IF('1. Productores NOP'!M15=0,"",'1. Productores NOP'!M15) -> 1096 | O15: =IF('1. Productores NOP'!O15=0,"",'1. Productores NOP'!O15) | P15: =IF('1. Productores NOP'!P15=0,"",'1. Productores NOP'!P15) | Q15: =IF('1. Productores NOP'!Q15=0,"",'1. Productores NOP'!Q15) | R15: =IF('1. Productores NOP'!R15=0,"",'1. Productores NOP'!R15) | S15: =IF('1. Productores NOP'!S15=0,"",'1. Productores NOP'!S15) | U15: =IF('1. Productores NOP'!T15=0,"",'1. Productores NOP'!T15) | V15: =IF('1. Productores NOP'!U15=0,"",'1. Productores NOP'!U15) | X15: 719487 - 9391836 - 1265 | Y15: =IF('1. Productores NOP'!W15=0,"",'1. Productores NOP'!W15)
A16: 12 | B16: =IF('1. Productores NOP'!B16=0,"",'1. Productores NOP'!B16) | C16: =IF('1. Productores NOP'!C16=0,"",'1. Productores NOP'!C16) | D16: =IF('1. Productores NOP'!D16=0,"",'1. Productores NOP'!D16) | E16: =IF('1. Productores NOP'!E16=0,"",'1. Productores NOP'!E16) | F16: =IF('1. Productores NOP'!F16=0,"",'1. Productores NOP'!F16) | G16: =IF('1. Productores NOP'!G16=0,"",'1. Productores NOP'!G16) | H16: =IF('1. Productores NOP'!H16=0,"",'1. Productores NOP'!H16) | I16: =IF('1. Productores NOP'!I16=0,"",'1. Productores NOP'!I16) | ... M16: =IF('1. Productores NOP'!M16=0,"",'1. Productores NOP'!M16) -> 1096 | O16: =IF('1. Productores NOP'!O16=0,"",'1. Productores NOP'!O16) | P16: =IF('1. Productores NOP'!P16=0,"",'1. Productores NOP'!P16) | Q16: =IF('1. Productores NOP'!Q16=0,"",'1. Productores NOP'!Q16) | R16: =IF('1. Productores NOP'!R16=0,"",'1. Productores NOP'!R16) | S16: =IF('1. Productores NOP'!S16=0,"",'1. Productores NOP'!S16) | U16: =IF('1. Productores NOP'!T16=0,"",'1. Productores NOP'!T16) | V16: =IF('1. Productores NOP'!U16=0,"",'1. Productores NOP'!U16) | X16: 714342 - 9390873 - 1492 | Y16: =IF('1. Productores NOP'!W16=0,"",'1. Productores NOP'!W16)
A17: 13 | B17: =IF('1. Productores NOP'!B17=0,"",'1. Productores NOP'!B17) | C17: =IF('1. Productores NOP'!C17=0,"",'1. Productores NOP'!C17) | D17: =IF('1. Productores NOP'!D17=0,"",'1. Productores NOP'!D17) | E17: =IF('1. Productores NOP'!E17=0,"",'1. Productores NOP'!E17) | F17: =IF('1. Productores NOP'!F17=0,"",'1. Productores NOP'!F17) | G17: =IF('1. Productores NOP'!G17=0,"",'1. Productores NOP'!G17) | H17: =IF('1. Productores NOP'!H17=0,"",'1. Productores NOP'!H17) | I17: =IF('1. Productores NOP'!I17=0,"",'1. Productores NOP'!I17) | ... M17: =IF('1. Productores NOP'!M17=0,"",'1. Productores NOP'!M17) -> 1096 | O17: =IF('1. Productores NOP'!O17=0,"",'1. Productores NOP'!O17) | P17: =IF('1. Productores NOP'!P17=0,"",'1. Productores NOP'!P17) | Q17: =IF('1. Productores NOP'!Q17=0,"",'1. Productores NOP'!Q17) | R17: =IF('1. Productores NOP'!R17=0,"",'1. Productores NOP'!R17) | S17: =IF('1. Productores NOP'!S17=0,"",'1. Productores NOP'!S17) | U17: =IF('1. Productores NOP'!T17=0,"",'1. Productores NOP'!T17) | V17: =IF('1. Productores NOP'!U17=0,"",'1. Productores NOP'!U17) | X17: 719151 - 9390906 - 1546 | Y17: =IF('1. Productores NOP'!W17=0,"",'1. Productores NOP'!W17)
A18: 14 | B18: =IF('1. Productores NOP'!B18=0,"",'1. Productores NOP'!B18) | C18: =IF('1. Productores NOP'!C18=0,"",'1. Productores NOP'!C18) | D18: =IF('1. Productores NOP'!D18=0,"",'1. Productores NOP'!D18) | E18: =IF('1. Productores NOP'!E18=0,"",'1. Productores NOP'!E18) | F18: =IF('1. Productores NOP'!F18=0,"",'1. Productores NOP'!F18) | G18: =IF('1. Productores NOP'!G18=0,"",'1. Productores NOP'!G18) | H18: =IF('1. Productores NOP'!H18=0,"",'1. Productores NOP'!H18) | I18: =IF('1. Productores NOP'!I18=0,"",'1. Productores NOP'!I18) | ... M18: =IF('1. Productores NOP'!M18=0,"",'1. Productores NOP'!M18) -> 1096 | O18: =IF('1. Productores NOP'!O18=0,"",'1. Productores NOP'!O18) | P18: =IF('1. Productores NOP'!P18=0,"",'1. Productores NOP'!P18) | Q18: =IF('1. Productores NOP'!Q18=0,"",'1. Productores NOP'!Q18) | R18: =IF('1. Productores NOP'!R18=0,"",'1. Productores NOP'!R18) | S18: =IF('1. Productores NOP'!S18=0,"",'1. Productores NOP'!S18) | U18: =IF('1. Productores NOP'!T18=0,"",'1. Productores NOP'!T18) | V18: =IF('1. Productores NOP'!U18=0,"",'1. Productores NOP'!U18) | X18: 719175 - 9390968 - 1548 | Y18: =IF('1. Productores NOP'!W18=0,"",'1. Productores NOP'!W18)
A19: 15 | B19: =IF('1. Productores NOP'!B19=0,"",'1. Productores NOP'!B19) | C19: =IF('1. Productores NOP'!C19=0,"",'1. Productores NOP'!C19) | D19: =IF('1. Productores NOP'!D19=0,"",'1. Productores NOP'!D19) | E19: =IF('1. Productores NOP'!E19=0,"",'1. Productores NOP'!E19) | F19: =IF('1. Productores NOP'!F19=0,"",'1. Productores NOP'!F19) | G19: =IF('1. Productores NOP'!G19=0,"",'1. Productores NOP'!G19) | H19: =IF('1. Productores NOP'!H19=0,"",'1. Productores NOP'!H19) | I19: =IF('1. Productores NOP'!I19=0,"",'1. Productores NOP'!I19) | ... M19: =IF('1. Productores NOP'!M19=0,"",'1. Productores NOP'!M19) -> 1096 | O19: =IF('1. Productores NOP'!O19=0,"",'1. Productores NOP'!O19) | P19: =IF('1. Productores NOP'!P19=0,"",'1. Productores NOP'!P19) | Q19: =IF('1. Productores NOP'!Q19=0,"",'1. Productores NOP'!Q19) | R19: =IF('1. Productores NOP'!R19=0,"",'1. Productores NOP'!R19) | S19: =IF('1. Productores NOP'!S19=0,"",'1. Productores NOP'!S19) | U19: =IF('1. Productores NOP'!T19=0,"",'1. Productores NOP'!T19) | V19: =IF('1. Productores NOP'!U19=0,"",'1. Productores NOP'!U19) | X19: 719620 - 9392063 - 1131 | Y19: =IF('1. Productores NOP'!W19=0,"",'1. Productores NOP'!W19)
... A337: 333 | B337: =IF('1. Productores NOP'!B337=0,"",'1. Productores NOP'!B337) | C337: =IF('1. Productores NOP'!C337=0,"",'1. Productores NOP'!C337) | D337: =IF('1. Productores NOP'!D337=0,"",'1. Productores NOP'!D337) | E337: =IF('1. Productores NOP'!E337=0,"",'1. Productores NOP'!E337) | F337: =IF('1. Productores NOP'!F337=0,"",'1. Productores NOP'!F337) | G337: =IF('1. Productores NOP'!G337=0,"",'1. Productores NOP'!G337) | H337: =IF('1. Productores NOP'!H337=0,"",'1. Productores NOP'!H337) | I337: =IF('1. Productores NOP'!I337=0,"",'1. Productores NOP'!I337) | ... M337: =IF('1. Productores NOP'!M337=0,"",'1. Productores NOP'!M337) -> 1096 | O337: =IF('1. Productores NOP'!O337=0,"",'1. Productores NOP'!O337) | P337: =IF('1. Productores NOP'!P337=0,"",'1. Productores NOP'!P337) | Q337: =IF('1. Productores NOP'!Q337=0,"",'1. Productores NOP'!Q337) | R337: =IF('1. Productores NOP'!R337=0,"",'1. Productores NOP'!R337) | S337: =IF('1. Productores NOP'!S337=0,"",'1. Productores NOP'!S337) | U337: =IF('1. Productores NOP'!T337=0,"",'1. Productores NOP'!T337) | V337: =IF('1. Productores NOP'!U337=0,"",'1. Productores NOP'!U337) | X337: 719072 - 9404058 - 1332 | Y337: =IF('1. Productores NOP'!W337=0,"",'1. Productores NOP'!W337)
A338: 334 | B338: =IF('1. Productores NOP'!B338=0,"",'1. Productores NOP'!B338) | C338: =IF('1. Productores NOP'!C338=0,"",'1. Productores NOP'!C338) | D338: =IF('1. Productores NOP'!D338=0,"",'1. Productores NOP'!D338) | E338: =IF('1. Productores NOP'!E338=0,"",'1. Productores NOP'!E338) | F338: =IF('1. Productores NOP'!F338=0,"",'1. Productores NOP'!F338) | G338: =IF('1. Productores NOP'!G338=0,"",'1. Productores NOP'!G338) | H338: =IF('1. Productores NOP'!H338=0,"",'1. Productores NOP'!H338) | I338: =IF('1. Productores NOP'!I338=0,"",'1. Productores NOP'!I338) | ... M338: =IF('1. Productores NOP'!M338=0,"",'1. Productores NOP'!M338) -> 1096 | O338: =IF('1. Productores NOP'!O338=0,"",'1. Productores NOP'!O338) | P338: =IF('1. Productores NOP'!P338=0,"",'1. Productores NOP'!P338) | Q338: =IF('1. Productores NOP'!Q338=0,"",'1. Productores NOP'!Q338) | R338: =IF('1. Productores NOP'!R338=0,"",'1. Productores NOP'!R338) | S338: =IF('1. Productores NOP'!S338=0,"",'1. Productores NOP'!S338) | U338: =IF('1. Productores NOP'!T338=0,"",'1. Productores NOP'!T338) | V338: =IF('1. Productores NOP'!U338=0,"",'1. Productores NOP'!U338) | Y338: =IF('1. Productores NOP'!W338=0,"",'1. Productores NOP'!W338)
A339: 335 | B339: =IF('1. Productores NOP'!B339=0,"",'1. Productores NOP'!B339) | C339: =IF('1. Productores NOP'!C339=0,"",'1. Productores NOP'!C339) | D339: =IF('1. Productores NOP'!D339=0,"",'1. Productores NOP'!D339) | E339: =IF('1. Productores NOP'!E339=0,"",'1. Productores NOP'!E339) | F339: =IF('1. Productores NOP'!F339=0,"",'1. Productores NOP'!F339) | G339: =IF('1. Productores NOP'!G339=0,"",'1. Productores NOP'!G339) | H339: =IF('1. Productores NOP'!H339=0,"",'1. Productores NOP'!H339) | I339: =IF('1. Productores NOP'!I339=0,"",'1. Productores NOP'!I339) | ... M339: =IF('1. Productores NOP'!M339=0,"",'1. Productores NOP'!M339) -> 1096 | O339: =IF('1. Productores NOP'!O339=0,"",'1. Productores NOP'!O339) | P339: =IF('1. Productores NOP'!P339=0,"",'1. Productores NOP'!P339) | Q339: =IF('1. Productores NOP'!Q339=0,"",'1. Productores NOP'!Q339) | R339: =IF('1. Productores NOP'!R339=0,"",'1. Productores NOP'!R339) | S339: =IF('1. Productores NOP'!S339=0,"",'1. Productores NOP'!S339) | U339: =IF('1. Productores NOP'!T339=0,"",'1. Productores NOP'!T339) | V339: =IF('1. Productores NOP'!U339=0,"",'1. Productores NOP'!U339) | Y339: =IF('1. Productores NOP'!W339=0,"",'1. Productores NOP'!W339)
A340: 336 | B340: =IF('1. Productores NOP'!B340=0,"",'1. Productores NOP'!B340) | C340: =IF('1. Productores NOP'!C340=0,"",'1. Productores NOP'!C340) | D340: =IF('1. Productores NOP'!D340=0,"",'1. Productores NOP'!D340) | E340: =IF('1. Productores NOP'!E340=0,"",'1. Productores NOP'!E340) | F340: =IF('1. Productores NOP'!F340=0,"",'1. Productores NOP'!F340) | G340: =IF('1. Productores NOP'!G340=0,"",'1. Productores NOP'!G340) | H340: =IF('1. Productores NOP'!H340=0,"",'1. Productores NOP'!H340) | I340: =IF('1. Productores NOP'!I340=0,"",'1. Productores NOP'!I340) | ... M340: =IF('1. Productores NOP'!M340=0,"",'1. Productores NOP'!M340) -> 1096 | O340: =IF('1. Productores NOP'!O340=0,"",'1. Productores NOP'!O340) | P340: =IF('1. Productores NOP'!P340=0,"",'1. Productores NOP'!P340) | Q340: =IF('1. Productores NOP'!Q340=0,"",'1. Productores NOP'!Q340) | R340: =IF('1. Productores NOP'!R340=0,"",'1. Productores NOP'!R340) | S340: =IF('1. Productores NOP'!S340=0,"",'1. Productores NOP'!S340) | U340: =IF('1. Productores NOP'!T340=0,"",'1. Productores NOP'!T340) | V340: =IF('1. Productores NOP'!U340=0,"",'1. Productores NOP'!U340) | Y340: =IF('1. Productores NOP'!W340=0,"",'1. Productores NOP'!W340)
A341: 337 | B341: =IF('1. Productores NOP'!B341=0,"",'1. Productores NOP'!B341) | C341: =IF('1. Productores NOP'!C341=0,"",'1. Productores NOP'!C341) | D341: =IF('1. Productores NOP'!D341=0,"",'1. Productores NOP'!D341) | E341: =IF('1. Productores NOP'!E341=0,"",'1. Productores NOP'!E341) | F341: =IF('1. Productores NOP'!F341=0,"",'1. Productores NOP'!F341) | G341: =IF('1. Productores NOP'!G341=0,"",'1. Productores NOP'!G341) | H341: =IF('1. Productores NOP'!H341=0,"",'1. Productores NOP'!H341) | I341: =IF('1. Productores NOP'!I341=0,"",'1. Productores NOP'!I341) | ... M341: =IF('1. Productores NOP'!M341=0,"",'1. Productores NOP'!M341) -> 1096 | O341: =IF('1. Productores NOP'!O341=0,"",'1. Productores NOP'!O341) | P341: =IF('1. Productores NOP'!P341=0,"",'1. Productores NOP'!P341) | Q341: =IF('1. Productores NOP'!Q341=0,"",'1. Productores NOP'!Q341) | R341: =IF('1. Productores NOP'!R341=0,"",'1. Productores NOP'!R341) | S341: =IF('1. Productores NOP'!S341=0,"",'1. Productores NOP'!S341) | U341: =IF('1. Productores NOP'!T341=0,"",'1. Productores NOP'!T341) | V341: =IF('1. Productores NOP'!U341=0,"",'1. Productores NOP'!U341) | Y341: =IF('1. Productores NOP'!W341=0,"",'1. Productores NOP'!W341)
A342: 338 | B342: =IF('1. Productores NOP'!B342=0,"",'1. Productores NOP'!B342) | C342: =IF('1. Productores NOP'!C342=0,"",'1. Productores NOP'!C342) | D342: =IF('1. Productores NOP'!D342=0,"",'1. Productores NOP'!D342) | E342: =IF('1. Productores NOP'!E342=0,"",'1. Productores NOP'!E342) | F342: =IF('1. Productores NOP'!F342=0,"",'1. Productores NOP'!F342) | G342: =IF('1. Productores NOP'!G342=0,"",'1. Productores NOP'!G342) | H342: =IF('1. Productores NOP'!H342=0,"",'1. Productores NOP'!H342) | I342: =IF('1. Productores NOP'!I342=0,"",'1. Productores NOP'!I342) | ... M342: =IF('1. Productores NOP'!M342=0,"",'1. Productores NOP'!M342) -> 1096 | O342: =IF('1. Productores NOP'!O342=0,"",'1. Productores NOP'!O342) | P342: =IF('1. Productores NOP'!P342=0,"",'1. Productores NOP'!P342) | Q342: =IF('1. Productores NOP'!Q342=0,"",'1. Productores NOP'!Q342) | R342: =IF('1. Productores NOP'!R342=0,"",'1. Productores NOP'!R342) | S342: =IF('1. Productores NOP'!S342=0,"",'1. Productores NOP'!S342) | U342: =IF('1. Productores NOP'!T342=0,"",'1. Productores NOP'!T342) | V342: =IF('1. Productores NOP'!U342=0,"",'1. Productores NOP'!U342) | Y342: =IF('1. Productores NOP'!W342=0,"",'1. Productores NOP'!W342)
A343: 339 | B343: =IF('1. Productores NOP'!B343=0,"",'1. Productores NOP'!B343) | C343: =IF('1. Productores NOP'!C343=0,"",'1. Productores NOP'!C343) | D343: =IF('1. Productores NOP'!D343=0,"",'1. Productores NOP'!D343) | E343: =IF('1. Productores NOP'!E343=0,"",'1. Productores NOP'!E343) | F343: =IF('1. Productores NOP'!F343=0,"",'1. Productores NOP'!F343) | G343: =IF('1. Productores NOP'!G343=0,"",'1. Productores NOP'!G343) | H343: =IF('1. Productores NOP'!H343=0,"",'1. Productores NOP'!H343) | I343: =IF('1. Productores NOP'!I343=0,"",'1. Productores NOP'!I343) | ... M343: =IF('1. Productores NOP'!M343=0,"",'1. Productores NOP'!M343) -> 1096 | O343: =IF('1. Productores NOP'!O343=0,"",'1. Productores NOP'!O343) | P343: =IF('1. Productores NOP'!P343=0,"",'1. Productores NOP'!P343) | Q343: =IF('1. Productores NOP'!Q343=0,"",'1. Productores NOP'!Q343) | R343: =IF('1. Productores NOP'!R343=0,"",'1. Productores NOP'!R343) | S343: =IF('1. Productores NOP'!S343=0,"",'1. Productores NOP'!S343) | U343: =IF('1. Productores NOP'!T343=0,"",'1. Productores NOP'!T343) | V343: =IF('1. Productores NOP'!U343=0,"",'1. Productores NOP'!U343) | Y343: =IF('1. Productores NOP'!W343=0,"",'1. Productores NOP'!W343)
A344: 340 | B344: =IF('1. Productores NOP'!B344=0,"",'1. Productores NOP'!B344) | C344: =IF('1. Productores NOP'!C344=0,"",'1. Productores NOP'!C344) | D344: =IF('1. Productores NOP'!D344=0,"",'1. Productores NOP'!D344) | E344: =IF('1. Productores NOP'!E344=0,"",'1. Productores NOP'!E344) | F344: =IF('1. Productores NOP'!F344=0,"",'1. Productores NOP'!F344) | G344: =IF('1. Productores NOP'!G344=0,"",'1. Productores NOP'!G344) | H344: =IF('1. Productores NOP'!H344=0,"",'1. Productores NOP'!H344) | I344: =IF('1. Productores NOP'!I344=0,"",'1. Productores NOP'!I344) | ... M344: =IF('1. Productores NOP'!M344=0,"",'1. Productores NOP'!M344) -> 1096 | O344: =IF('1. Productores NOP'!O344=0,"",'1. Productores NOP'!O344) | P344: =IF('1. Productores NOP'!P344=0,"",'1. Productores NOP'!P344) | Q344: =IF('1. Productores NOP'!Q344=0,"",'1. Productores NOP'!Q344) | R344: =IF('1. Productores NOP'!R344=0,"",'1. Productores NOP'!R344) | S344: =IF('1. Productores NOP'!S344=0,"",'1. Productores NOP'!S344) | U344: =IF('1. Productores NOP'!T344=0,"",'1. Productores NOP'!T344) | V344: =IF('1. Productores NOP'!U344=0,"",'1. Productores NOP'!U344) | Y344: =IF('1. Productores NOP'!W344=0,"",'1. Productores NOP'!W344)
A345: 341 | B345: =IF('1. Productores NOP'!B345=0,"",'1. Productores NOP'!B345) | C345: =IF('1. Productores NOP'!C345=0,"",'1. Productores NOP'!C345) | D345: =IF('1. Productores NOP'!D345=0,"",'1. Productores NOP'!D345) | E345: =IF('1. Productores NOP'!E345=0,"",'1. Productores NOP'!E345) | F345: =IF('1. Productores NOP'!F345=0,"",'1. Productores NOP'!F345) | G345: =IF('1. Productores NOP'!G345=0,"",'1. Productores NOP'!G345) | H345: =IF('1. Productores NOP'!H345=0,"",'1. Productores NOP'!H345) | I345: =IF('1. Productores NOP'!I345=0,"",'1. Productores NOP'!I345) | ... M345: =IF('1. Productores NOP'!M345=0,"",'1. Productores NOP'!M345) -> 1096 | O345: =IF('1. Productores NOP'!O345=0,"",'1. Productores NOP'!O345) | P345: =IF('1. Productores NOP'!P345=0,"",'1. Productores NOP'!P345) | Q345: =IF('1. Productores NOP'!Q345=0,"",'1. Productores NOP'!Q345) | R345: =IF('1. Productores NOP'!R345=0,"",'1. Productores NOP'!R345) | S345: =IF('1. Productores NOP'!S345=0,"",'1. Productores NOP'!S345) | U345: =IF('1. Productores NOP'!T345=0,"",'1. Productores NOP'!T345) | V345: =IF('1. Productores NOP'!U345=0,"",'1. Productores NOP'!U345) | Y345: =IF('1. Productores NOP'!W345=0,"",'1. Productores NOP'!W345)
A346: 342 | B346: =IF('1. Productores NOP'!B346=0,"",'1. Productores NOP'!B346) | C346: =IF('1. Productores NOP'!C346=0,"",'1. Productores NOP'!C346) | D346: =IF('1. Productores NOP'!D346=0,"",'1. Productores NOP'!D346) | E346: =IF('1. Productores NOP'!E346=0,"",'1. Productores NOP'!E346) | F346: =IF('1. Productores NOP'!F346=0,"",'1. Productores NOP'!F346) | G346: =IF('1. Productores NOP'!G346=0,"",'1. Productores NOP'!G346) | H346: =IF('1. Productores NOP'!H346=0,"",'1. Productores NOP'!H346) | I346: =IF('1. Productores NOP'!I346=0,"",'1. Productores NOP'!I346) | ... M346: =IF('1. Productores NOP'!M346=0,"",'1. Productores NOP'!M346) -> 1096 | O346: =IF('1. Productores NOP'!O346=0,"",'1. Productores NOP'!O346) | P346: =IF('1. Productores NOP'!P346=0,"",'1. Productores NOP'!P346) | Q346: =IF('1. Productores NOP'!Q346=0,"",'1. Productores NOP'!Q346) | R346: =IF('1. Productores NOP'!R346=0,"",'1. Productores NOP'!R346) | S346: =IF('1. Productores NOP'!S346=0,"",'1. Productores NOP'!S346) | U346: =IF('1. Productores NOP'!T346=0,"",'1. Productores NOP'!T346) | V346: =IF('1. Productores NOP'!U346=0,"",'1. Productores NOP'!U346) | Y346: =IF('1. Productores NOP'!W346=0,"",'1. Productores NOP'!W346)
A347: 343 | B347: =IF('1. Productores NOP'!B347=0,"",'1. Productores NOP'!B347) | C347: =IF('1. Productores NOP'!C347=0,"",'1. Productores NOP'!C347) | D347: =IF('1. Productores NOP'!D347=0,"",'1. Productores NOP'!D347) | E347: =IF('1. Productores NOP'!E347=0,"",'1. Productores NOP'!E347) | F347: =IF('1. Productores NOP'!F347=0,"",'1. Productores NOP'!F347) | G347: =IF('1. Productores NOP'!G347=0,"",'1. Productores NOP'!G347) | H347: =IF('1. Productores NOP'!H347=0,"",'1. Productores NOP'!H347) | I347: =IF('1. Productores NOP'!I347=0,"",'1. Productores NOP'!I347) | ... M347: =IF('1. Productores NOP'!M347=0,"",'1. Productores NOP'!M347) -> 1096 | O347: =IF('1. Productores NOP'!O347=0,"",'1. Productores NOP'!O347) | P347: =IF('1. Productores NOP'!P347=0,"",'1. Productores NOP'!P347) | Q347: =IF('1. Productores NOP'!Q347=0,"",'1. Productores NOP'!Q347) | R347: =IF('1. Productores NOP'!R347=0,"",'1. Productores NOP'!R347) | S347: =IF('1. Productores NOP'!S347=0,"",'1. Productores NOP'!S347) | U347: =IF('1. Productores NOP'!T347=0,"",'1. Productores NOP'!T347) | V347: =IF('1. Productores NOP'!U347=0,"",'1. Productores NOP'!U347) | Y347: =IF('1. Productores NOP'!W347=0,"",'1. Productores NOP'!W347)
A348: 344 | B348: =IF('1. Productores NOP'!B348=0,"",'1. Productores NOP'!B348) | C348: =IF('1. Productores NOP'!C348=0,"",'1. Productores NOP'!C348) | D348: =IF('1. Productores NOP'!D348=0,"",'1. Productores NOP'!D348) | E348: =IF('1. Productores NOP'!E348=0,"",'1. Productores NOP'!E348) | F348: =IF('1. Productores NOP'!F348=0,"",'1. Productores NOP'!F348) | G348: =IF('1. Productores NOP'!G348=0,"",'1. Productores NOP'!G348) | H348: =IF('1. Productores NOP'!H348=0,"",'1. Productores NOP'!H348) | I348: =IF('1. Productores NOP'!I348=0,"",'1. Productores NOP'!I348) | ... M348: =IF('1. Productores NOP'!M348=0,"",'1. Productores NOP'!M348) -> 1096 | O348: =IF('1. Productores NOP'!O348=0,"",'1. Productores NOP'!O348) | P348: =IF('1. Productores NOP'!P348=0,"",'1. Productores NOP'!P348) | Q348: =IF('1. Productores NOP'!Q348=0,"",'1. Productores NOP'!Q348) | R348: =IF('1. Productores NOP'!R348=0,"",'1. Productores NOP'!R348) | S348: =IF('1. Productores NOP'!S348=0,"",'1. Productores NOP'!S348) | U348: =IF('1. Productores NOP'!T348=0,"",'1. Productores NOP'!T348) | V348: =IF('1. Productores NOP'!U348=0,"",'1. Productores NOP'!U348) | Y348: =IF('1. Productores NOP'!W348=0,"",'1. Productores NOP'!W348)
A349: 345 | B349: =IF('1. Productores NOP'!B349=0,"",'1. Productores NOP'!B349) | C349: =IF('1. Productores NOP'!C349=0,"",'1. Productores NOP'!C349) | D349: =IF('1. Productores NOP'!D349=0,"",'1. Productores NOP'!D349) | E349: =IF('1. Productores NOP'!E349=0,"",'1. Productores NOP'!E349) | F349: =IF('1. Productores NOP'!F349=0,"",'1. Productores NOP'!F349) | G349: =IF('1. Productores NOP'!G349=0,"",'1. Productores NOP'!G349) | H349: =IF('1. Productores NOP'!H349=0,"",'1. Productores NOP'!H349) | I349: =IF('1. Productores NOP'!I349=0,"",'1. Productores NOP'!I349) | ... M349: =IF('1. Productores NOP'!M349=0,"",'1. Productores NOP'!M349) -> 1096 | O349: =IF('1. Productores NOP'!O349=0,"",'1. Productores NOP'!O349) | P349: =IF('1. Productores NOP'!P349=0,"",'1. Productores NOP'!P349) | Q349: =IF('1. Productores NOP'!Q349=0,"",'1. Productores NOP'!Q349) | R349: =IF('1. Productores NOP'!R349=0,"",'1. Productores NOP'!R349) | S349: =IF('1. Productores NOP'!S349=0,"",'1. Productores NOP'!S349) | U349: =IF('1. Productores NOP'!T349=0,"",'1. Productores NOP'!T349) | V349: =IF('1. Productores NOP'!U349=0,"",'1. Productores NOP'!U349) | Y349: =IF('1. Productores NOP'!W349=0,"",'1. Productores NOP'!W349)
... A1004: 1000 | B1004: =IF('1. Productores NOP'!B1004=0,"",'1. Productores NOP'!B1004) | C1004: =IF('1. Productores NOP'!C1004=0,"",'1. Productores NOP'!C1004) | D1004: =IF('1. Productores NOP'!D1004=0,"",'1. Productores NOP'!D1004) | E1004: =IF('1. Productores NOP'!E1004=0,"",'1. Productores NOP'!E1004) | F1004: =IF('1. Productores NOP'!F1004=0,"",'1. Productores NOP'!F1004) | G1004: =IF('1. Productores NOP'!G1004=0,"",'1. Productores NOP'!G1004) | H1004: =IF('1. Productores NOP'!H1004=0,"",'1. Productores NOP'!H1004) | I1004: =IF('1. Productores NOP'!I1004=0,"",'1. Productores NOP'!I1004) | ... M1004: =IF('1. Productores NOP'!M1004=0,"",'1. Productores NOP'!M1004) -> 1096 | O1004: =IF('1. Productores NOP'!O1004=0,"",'1. Productores NOP'!O1004) | P1004: =IF('1. Productores NOP'!P1004=0,"",'1. Productores NOP'!P1004) | Q1004: =IF('1. Productores NOP'!Q1004=0,"",'1. Productores NOP'!Q1004) | R1004: =IF('1. Productores NOP'!R1004=0,"",'1. Productores NOP'!R1004) | S1004: =IF('1. Productores NOP'!S1004=0,"",'1. Productores NOP'!S1004) | U1004: =IF('1. Productores NOP'!T1004=0,"",'1. Productores NOP'!T1004) | V1004: =IF('1. Productores NOP'!U1004=0,"",'1. Productores NOP'!U1004) | Y1004: =IF('1. Productores NOP'!W1004=0,"",'1. Productores NOP'!W1004)

Sheet 4.1 Totales RTPO
A1: Esta hoja de calculo no se actualiza automaticamente. Necesita dar click en Pivot Table (Tabla Pivot) y despues Refresh (Actualizar) cuando los datos hayan cambiado
A2: ESTADO DE LA TRANSICIÓN. | B2: Count of ESTADO DE LA TRANSICIÓN. | C2: Sum of Número de Campos | D2: Sum of ÁREA TOTAL DE LA FINCA (Ha) | E2: Sum of RENDIMIENTOS ESTIMADOS (kilogramos)
A3: (blank) | C3: 0 | D3: 0 | E3: 0
A4: Grand Total | C4: 0 | D4: 0 | E4: 0

Sheet 5. Productores retirados
A1: Apéndice 5: CGG Información de Productores Retirados | D1: Nombre del CGG: | F1: =Instrucciones!B4 -> 0
A2: Complete esta información para los miembros de cada grupo y subgrupo que se hayan retirado por diferentes motivos (ej. renuncia voluntaria, muerte, transferencia a otro certificador, etc.). Las sanciones se documentaran en el Apéndice 6. Evaluación de riesgos y sanciones.
A5: ** ESTA PLANILLA ES NECESARIA PARA DOCUMENTAR LA INFORMACION REQUERIDA Y ENTREGARLA A OCIA**
A7: Código: Número de Documento Personal | B7: PRIMER NOMBRE DEL PRODUCTOR | C7: SEGUNDO NOMBRE DEL PRODUCTOR | D7: PRIMER APELLIDO DEL PRODUCTOR | E7: SEGUNDO APELLIDO DEL PRODUCTOR | F7: COMUNIDAD | G7: FECHA DEL RETIRO | H7: MOTIVO DEL RETIRO

Sheet 6. Eval de riesgo y sanciones
A1: Apéndice 6: Evaluación de riesgo (Operador: tome nota que todos los miembros del grupo [orgánicos y en conversión] deben ser evaluados anualmente)
A2: Complete esta información para los miembros de cada grupo y subgrupo (use esta versión electrónica). Los resultados de las inspecciones internas deben de reflejarse en este documento.
A3: **ESTA PLANILLA ES NECESARIA PARA DOCUMENTAR LA INFORMACION REQUERIDA PARA TODOS LOS PROGRAMAS**
A4: Favor de elegir entre un Si o un No. Los datos del productor se copiaran automáticamente de la hoja 1. Productores NOP. Documente el motivo de la sanción si el total de riesgos encontrados es 3 o más.
A5: Número total de miembros en la CGG | D5: =SUM('1. Productores NOP'!D3+'1. Productores NOP'!F3+'1. Productores NOP'!H3+'1. Productores NOP'!J3+'1. Productores NOP'!L3) -> 0 | G5: Número total de Miembros de Alto Riesgo (+ de 3) | J5: =COUNTIF(O7:O1007,">2") -> 0
A6: Código: Número de Documento Personal | B6: PRIMER NOMBRE DEL PRODUCTOR | C6: SEGUNDO NOMBRE DEL PRODUCTOR | D6: PRIMER APELLIDO DEL PRODUCTOR | E6: SEGUNDO APELLIDO DEL PRODUCTOR | F6: ESTADO DE LA TRANSICIÓN | G6: Menos de tres años de experiencia como productor aceptado a un programa orgánico | H6: Producción paralela y/o mixta manejada convencionalmente, incluyendo autoconsumo, zonas de amortiguamiento con el mismo cultivo | I6: Substancias prohibidas: Uso o tenencia durante el año anterior, incluyendo en las colindancias por vecinos y/o utilizadas en producción propia mixta convencional | J6: Rendimientos de cosecha más altos en comparación con años previos | K6: ¿Ha sido sancionado en los tres años previos? | L6: Falta de registros para una auditoría de trayectoria o para una inspección (interna o externa) | M6: Motivo de la Sanción | N6: Acción correctiva Tomada | O6: Total de riesgos encontrados | P6: Solo para uso del inspector. Marque con el año si este productor fue inspeccionado durante la inspección externa.
A7: =IF('1. Productores NOP'!B5=0,"",'1. Productores NOP'!B5) | B7: =IF('1. Productores NOP'!C5=0,"",'1. Productores NOP'!C5) | C7: =IF('1. Productores NOP'!D5=0,"",'1. Productores NOP'!D5) | D7: =IF('1. Productores NOP'!E5=0,"",'1. Productores NOP'!E5) | E7: =IF('1. Productores NOP'!F5=0,"",'1. Productores NOP'!F5) | F7: ='1. Productores NOP'!N5 -> 0 | O7: =IF(I7="Si",COUNTIF(G7:L7,"Si")+2,COUNTIF(G7:L7,"Si")) -> 0
A8: =IF('1. Productores NOP'!B6=0,"",'1. Productores NOP'!B6) | B8: =IF('1. Productores NOP'!C6=0,"",'1. Productores NOP'!C6) | C8: =IF('1. Productores NOP'!D6=0,"",'1. Productores NOP'!D6) | D8: =IF('1. Productores NOP'!E6=0,"",'1. Productores NOP'!E6) | E8: =IF('1. Productores NOP'!F6=0,"",'1. Productores NOP'!F6) | F8: ='1. Productores NOP'!N6 -> 0 | O8: =IF(I8="Si",COUNTIF(G8:L8,"Si")+2,COUNTIF(G8:L8,"Si")) -> 0
A9: =IF('1. Productores NOP'!B7=0,"",'1. Productores NOP'!B7) | B9: =IF('1. Productores NOP'!C7=0,"",'1. Productores NOP'!C7) | C9: =IF('1. Productores NOP'!D7=0,"",'1. Productores NOP'!D7) | D9: =IF('1. Productores NOP'!E7=0,"",'1. Productores NOP'!E7) | E9: =IF('1. Productores NOP'!F7=0,"",'1. Productores NOP'!F7) | F9: ='1. Productores NOP'!N7 -> 0 | O9: =IF(I9="Si",COUNTIF(G9:L9,"Si")+2,COUNTIF(G9:L9,"Si")) -> 0
A10: =IF('1. Productores NOP'!B8=0,"",'1. Productores NOP'!B8) | B10: =IF('1. Productores NOP'!C8=0,"",'1. Productores NOP'!C8) | C10: =IF('1. Productores NOP'!D8=0,"",'1. Productores NOP'!D8) | D10: =IF('1. Productores NOP'!E8=0,"",'1. Productores NOP'!E8) | E10: =IF('1. Productores NOP'!F8=0,"",'1. Productores NOP'!F8) | F10: ='1. Productores NOP'!N8 -> 0 | O10: =IF(I10="Si",COUNTIF(G10:L10,"Si")+2,COUNTIF(G10:L10,"Si")) -> 0
A11: =IF('1. Productores NOP'!B9=0,"",'1. Productores NOP'!B9) | B11: =IF('1. Productores NOP'!C9=0,"",'1. Productores NOP'!C9) | C11: =IF('1. Productores NOP'!D9=0,"",'1. Productores NOP'!D9) | D11: =IF('1. Productores NOP'!E9=0,"",'1. Productores NOP'!E9) | E11: =IF('1. Productores NOP'!F9=0,"",'1. Productores NOP'!F9) | F11: ='1. Productores NOP'!N9 -> 0 | O11: =IF(I11="Si",COUNTIF(G11:L11,"Si")+2,COUNTIF(G11:L11,"Si")) -> 0
A12: =IF('1. Productores NOP'!B10=0,"",'1. Productores NOP'!B10) | B12: =IF('1. Productores NOP'!C10=0,"",'1. Productores NOP'!C10) | C12: =IF('1. Productores NOP'!D10=0,"",'1. Productores NOP'!D10) | D12: =IF('1. Productores NOP'!E10=0,"",'1. Productores NOP'!E10) | E12: =IF('1. Productores NOP'!F10=0,"",'1. Productores NOP'!F10) | F12: ='1. Productores NOP'!N10 -> 0 | O12: =IF(I12="Si",COUNTIF(G12:L12,"Si")+2,COUNTIF(G12:L12,"Si")) -> 0
A13: =IF('1. Productores NOP'!B11=0,"",'1. Productores NOP'!B11) | B13: =IF('1. Productores NOP'!C11=0,"",'1. Productores NOP'!C11) | C13: =IF('1. Productores NOP'!D11=0,"",'1. Productores NOP'!D11) | D13: =IF('1. Productores NOP'!E11=0,"",'1. Productores NOP'!E11) | E13: =IF('1. Productores NOP'!F11=0,"",'1. Productores NOP'!F11) | F13: ='1. Productores NOP'!N11 -> 0 | O13: =IF(I13="Si",COUNTIF(G13:L13,"Si")+2,COUNTIF(G13:L13,"Si")) -> 0
A14: =IF('1. Productores NOP'!B12=0,"",'1. Productores NOP'!B12) | B14: =IF('1. Productores NOP'!C12=0,"",'1. Productores NOP'!C12) | C14: =IF('1. Productores NOP'!D12=0,"",'1. Productores NOP'!D12) | D14: =IF('1. Productores NOP'!E12=0,"",'1. Productores NOP'!E12) | E14: =IF('1. Productores NOP'!F12=0,"",'1. Productores NOP'!F12) | F14: ='1. Productores NOP'!N12 -> 0 | O14: =IF(I14="Si",COUNTIF(G14:L14,"Si")+2,COUNTIF(G14:L14,"Si")) -> 0
A15: =IF('1. Productores NOP'!B13=0,"",'1. Productores NOP'!B13) | B15: =IF('1. Productores NOP'!C13=0,"",'1. Productores NOP'!C13) | C15: =IF('1. Productores NOP'!D13=0,"",'1. Productores NOP'!D13) | D15: =IF('1. Productores NOP'!E13=0,"",'1. Productores NOP'!E13) | E15: =IF('1. Productores NOP'!F13=0,"",'1. Productores NOP'!F13) | F15: ='1. Productores NOP'!N13 -> 0 | O15: =IF(I15="Si",COUNTIF(G15:L15,"Si")+2,COUNTIF(G15:L15,"Si")) -> 0
A16: =IF('1. Productores NOP'!B14=0,"",'1. Productores NOP'!B14) | B16: =IF('1. Productores NOP'!C14=0,"",'1. Productores NOP'!C14) | C16: =IF('1. Productores NOP'!D14=0,"",'1. Productores NOP'!D14) | D16: =IF('1. Productores NOP'!E14=0,"",'1. Productores NOP'!E14) | E16: =IF('1. Productores NOP'!F14=0,"",'1. Productores NOP'!F14) | F16: ='1. Productores NOP'!N14 -> 0 | O16: =IF(I16="Si",COUNTIF(G16:L16,"Si")+2,COUNTIF(G16:L16,"Si")) -> 0
A17: =IF('1. Productores NOP'!B15=0,"",'1. Productores NOP'!B15) | B17: =IF('1. Productores NOP'!C15=0,"",'1. Productores NOP'!C15) | C17: =IF('1. Productores NOP'!D15=0,"",'1. Productores NOP'!D15) | D17: =IF('1. Productores NOP'!E15=0,"",'1. Productores NOP'!E15) | E17: =IF('1. Productores NOP'!F15=0,"",'1. Productores NOP'!F15) | F17: ='1. Productores NOP'!N15 -> 0 | O17: =IF(I17="Si",COUNTIF(G17:L17,"Si")+2,COUNTIF(G17:L17,"Si")) -> 0
A18: =IF('1. Productores NOP'!B16=0,"",'1. Productores NOP'!B16) | B18: =IF('1. Productores NOP'!C16=0,"",'1. Productores NOP'!C16) | C18: =IF('1. Productores NOP'!D16=0,"",'1. Productores NOP'!D16) | D18: =IF('1. Productores NOP'!E16=0,"",'1. Productores NOP'!E16) | E18: =IF('1. Productores NOP'!F16=0,"",'1. Productores NOP'!F16) | F18: ='1. Productores NOP'!N16 -> 0 | O18: =IF(I18="Si",COUNTIF(G18:L18,"Si")+2,COUNTIF(G18:L18,"Si")) -> 0
... A213: =IF('1. Productores NOP'!B211=0,"",'1. Productores NOP'!B211) | B213: =IF('1. Productores NOP'!C211=0,"",'1. Productores NOP'!C211) | C213: =IF('1. Productores NOP'!D211=0,"",'1. Productores NOP'!D211) | D213: =IF('1. Productores NOP'!E211=0,"",'1. Productores NOP'!E211) | E213: =IF('1. Productores NOP'!F211=0,"",'1. Productores NOP'!F211) | F213: ='1. Productores NOP'!N211 -> 0 | O213: =IF(I213="Si",COUNTIF(G213:L213,"Si")+2,COUNTIF(G213:L213,"Si")) -> 0
A214: =IF('1. Productores NOP'!B212=0,"",'1. Productores NOP'!B212) | B214: =IF('1. Productores NOP'!C212=0,"",'1. Productores NOP'!C212) | C214: =IF('1. Productores NOP'!D212=0,"",'1. Productores NOP'!D212) | D214: =IF('1. Productores NOP'!E212=0,"",'1. Productores NOP'!E212) | E214: =IF('1. Productores NOP'!F212=0,"",'1. Productores NOP'!F212) | F214: ='1. Productores NOP'!N211 -> 0 | O214: =IF(I214="Si",COUNTIF(G214:L214,"Si")+2,COUNTIF(G214:L214,"Si")) -> 0
A215: =IF('1. Productores NOP'!B213=0,"",'1. Productores NOP'!B213) | B215: =IF('1. Productores NOP'!C213=0,"",'1. Productores NOP'!C213) | C215: =IF('1. Productores NOP'!D213=0,"",'1. Productores NOP'!D213) | D215: =IF('1. Productores NOP'!E213=0,"",'1. Productores NOP'!E213) | E215: =IF('1. Productores NOP'!F213=0,"",'1. Productores NOP'!F213) | F215: ='1. Productores NOP'!N213 -> 0 | O215: =IF(I215="Si",COUNTIF(G215:L215,"Si")+2,COUNTIF(G215:L215,"Si")) -> 0
A216: =IF('1. Productores NOP'!B214=0,"",'1. Productores NOP'!B214) | B216: =IF('1. Productores NOP'!C214=0,"",'1. Productores NOP'!C214) | C216: =IF('1. Productores NOP'!D214=0,"",'1. Productores NOP'!D214) | D216: =IF('1. Productores NOP'!E214=0,"",'1. Productores NOP'!E214) | E216: =IF('1. Productores NOP'!F214=0,"",'1. Productores NOP'!F214) | F216: ='1. Productores NOP'!N214 -> 0 | O216: =IF(I216="Si",COUNTIF(G216:L216,"Si")+2,COUNTIF(G216:L216,"Si")) -> 0
A217: =IF('1. Productores NOP'!B215=0,"",'1. Productores NOP'!B215) | B217: =IF('1. Productores NOP'!C215=0,"",'1. Productores NOP'!C215) | C217: =IF('1. Productores NOP'!D215=0,"",'1. Productores NOP'!D215) | D217: =IF('1. Productores NOP'!E215=0,"",'1. Productores NOP'!E215) | E217: =IF('1. Productores NOP'!F215=0,"",'1. Productores NOP'!F215) | F217: ='1. Productores NOP'!N215 -> 0 | O217: =IF(I217="Si",COUNTIF(G217:L217,"Si")+2,COUNTIF(G217:L217,"Si")) -> 0
A218: =IF('1. Productores NOP'!B216=0,"",'1. Productores NOP'!B216) | B218: =IF('1. Productores NOP'!C216=0,"",'1. Productores NOP'!C216) | C218: =IF('1. Productores NOP'!D216=0,"",'1. Productores NOP'!D216) | D218: =IF('1. Productores NOP'!E216=0,"",'1. Productores NOP'!E216) | E218: =IF('1. Productores NOP'!F216=0,"",'1. Productores NOP'!F216) | F218: ='1. Productores NOP'!N216 -> 0 | O218: =IF(I218="Si",COUNTIF(G218:L218,"Si")+2,COUNTIF(G218:L218,"Si")) -> 0
A219: =IF('1. Productores NOP'!B217=0,"",'1. Productores NOP'!B217) | B219: =IF('1. Productores NOP'!C217=0,"",'1. Productores NOP'!C217) | C219: =IF('1. Productores NOP'!D217=0,"",'1. Productores NOP'!D217) | D219: =IF('1. Productores NOP'!E217=0,"",'1. Productores NOP'!E217) | E219: =IF('1. Productores NOP'!F217=0,"",'1. Productores NOP'!F217) | F219: ='1. Productores NOP'!N217 -> 0 | O219: =IF(I219="Si",COUNTIF(G219:L219,"Si")+2,COUNTIF(G219:L219,"Si")) -> 0
A220: =IF('1. Productores NOP'!B218=0,"",'1. Productores NOP'!B218) | B220: =IF('1. Productores NOP'!C218=0,"",'1. Productores NOP'!C218) | C220: =IF('1. Productores NOP'!D218=0,"",'1. Productores NOP'!D218) | D220: =IF('1. Productores NOP'!E218=0,"",'1. Productores NOP'!E218) | E220: =IF('1. Productores NOP'!F218=0,"",'1. Productores NOP'!F218) | F220: ='1. Productores NOP'!N218 -> 0 | O220: =IF(I220="Si",COUNTIF(G220:L220,"Si")+2,COUNTIF(G220:L220,"Si")) -> 0
A221: =IF('1. Productores NOP'!B219=0,"",'1. Productores NOP'!B219) | B221: =IF('1. Productores NOP'!C219=0,"",'1. Productores NOP'!C219) | C221: =IF('1. Productores NOP'!D219=0,"",'1. Productores NOP'!D219) | D221: =IF('1. Productores NOP'!E219=0,"",'1. Productores NOP'!E219) | E221: =IF('1. Productores NOP'!F219=0,"",'1. Productores NOP'!F219) | F221: ='1. Productores NOP'!N219 -> 0 | O221: =IF(I221="Si",COUNTIF(G221:L221,"Si")+2,COUNTIF(G221:L221,"Si")) -> 0
A222: =IF('1. Productores NOP'!B220=0,"",'1. Productores NOP'!B220) | B222: =IF('1. Productores NOP'!C220=0,"",'1. Productores NOP'!C220) | C222: =IF('1. Productores NOP'!D220=0,"",'1. Productores NOP'!D220) | D222: =IF('1. Productores NOP'!E220=0,"",'1. Productores NOP'!E220) | E222: =IF('1. Productores NOP'!F220=0,"",'1. Productores NOP'!F220) | F222: ='1. Productores NOP'!N220 -> 0 | O222: =IF(I222="Si",COUNTIF(G222:L222,"Si")+2,COUNTIF(G222:L222,"Si")) -> 0
A223: =IF('1. Productores NOP'!B221=0,"",'1. Productores NOP'!B221) | B223: =IF('1. Productores NOP'!C221=0,"",'1. Productores NOP'!C221) | C223: =IF('1. Productores NOP'!D221=0,"",'1. Productores NOP'!D221) | D223: =IF('1. Productores NOP'!E221=0,"",'1. Productores NOP'!E221) | E223: =IF('1. Productores NOP'!F221=0,"",'1. Productores NOP'!F221) | F223: ='1. Productores NOP'!N221 -> 0 | O223: =IF(I223="Si",COUNTIF(G223:L223,"Si")+2,COUNTIF(G223:L223,"Si")) -> 0
A224: =IF('1. Productores NOP'!B222=0,"",'1. Productores NOP'!B222) | B224: =IF('1. Productores NOP'!C222=0,"",'1. Productores NOP'!C222) | C224: =IF('1. Productores NOP'!D222=0,"",'1. Productores NOP'!D222) | D224: =IF('1. Productores NOP'!E222=0,"",'1. Productores NOP'!E222) | E224: =IF('1. Productores NOP'!F222=0,"",'1. Productores NOP'!F222) | F224: ='1. Productores NOP'!N222 -> 0 | O224: =IF(I224="Si",COUNTIF(G224:L224,"Si")+2,COUNTIF(G224:L224,"Si")) -> 0
A225: =IF('1. Productores NOP'!B223=0,"",'1. Productores NOP'!B223) | B225: =IF('1. Productores NOP'!C223=0,"",'1. Productores NOP'!C223) | C225: =IF('1. Productores NOP'!D223=0,"",'1. Productores NOP'!D223) | D225: =IF('1. Productores NOP'!E223=0,"",'1. Productores NOP'!E223) | E225: =IF('1. Productores NOP'!F223=0,"",'1. Productores NOP'!F223) | F225: ='1. Productores NOP'!N223 -> 0 | O225: =IF(I225="Si",COUNTIF(G225:L225,"Si")+2,COUNTIF(G225:L225,"Si")) -> 0
A226: =IF('1. Productores NOP'!B224=0,"",'1. Productores NOP'!B224) | B226: =IF('1. Productores NOP'!C224=0,"",'1. Productores NOP'!C224) | C226: =IF('1. Productores NOP'!D224=0,"",'1. Productores NOP'!D224) | D226: =IF('1. Productores NOP'!E224=0,"",'1. Productores NOP'!E224) | E226: =IF('1. Productores NOP'!F224=0,"",'1. Productores NOP'!F224) | F226: ='1. Productores NOP'!N224 -> 0 | O226: =IF(I226="Si",COUNTIF(G226:L226,"Si")+2,COUNTIF(G226:L226,"Si")) -> 0
... A1007: =IF('1. Productores NOP'!B1005=0,"",'1. Productores NOP'!B1005) | B1007: =IF('1. Productores NOP'!C1005=0,"",'1. Productores NOP'!C1005) | C1007: =IF('1. Productores NOP'!D1005=0,"",'1. Productores NOP'!D1005) | D1007: =IF('1. Productores NOP'!E1005=0,"",'1. Productores NOP'!E1005) | E1007: =IF('1. Productores NOP'!F1005=0,"",'1. Productores NOP'!F1005) | F1007: ='1. Productores NOP'!N1005 -> 0 | O1007: =IF(I1007="Si",COUNTIF(G1007:L1007,"Si")+2,COUNTIF(G1007:L1007,"Si")) -> 0

Sheet 7. Reporte orgánicos LPO
F2: Totales: | G2: =SUM(G4:G1004) -> 0 | H2: =SUM(H4:H1004) -> 0 | I2: =SUM(I4:I1004) -> 0
A3: ESTADO DE LA TRANSICIÓN. | B3: Código: Número de Documento Personal | C3: PRIMER NOMBRE DEL PRODUCTOR | D3: SEGUNDO NOMBRE DEL PRODUCTOR | E3: SEGUNDO APELLIDO DEL PRODUCTOR | F3: PRIMER APELLIDO DEL PRODUCTOR | G3: NOMBRE DE LA COMUNIDAD O SUBGRUPO | H3: ÁREA TOTAL DE LA FINCA (Ha) | I3: Hectáreas de Cultivo en Producción | J3: RENDIMIENTOS ESTIMADOS EN KILOGRAMOS DE FRUTO (CEREZA DE CAFÉ O MAZORCA DE CACAO)

Sheet 8. Instalaciones
A1: Apéndice 8: Instalaciones y Áreas de Manejo (Manipulación)
A2: ** ESTA PLANILLA ES NECESARIA PARA DOCUMENTAR LA INFORMACION REQUERIDA PARA LPO Y ENTREGARLA A OCIA**
A3: LISTA DE LAS ÁREAS DE MANEJO/MANIPULACIÓN (POR EJ. TODOS LOS LOCALES DE MANIPULACIÓN, PUNTOS DE ACOPIO, BODEGAS, ÁREAS DE PROCESO)
A4: Nombre de la instalación | B4: Localización (Georreferenciación) | C4: Propósito (por ej. Bodega, sitios de acopio)

Sheet 9. Productores transfiriéndose
A1: Apéndice 9: Productores que se están transfiriendo desde otro certificador | O1: Nombre del CGG | Q1: =Instrucciones!B4 -> 0
A2: Complete esta información para los miembros del grupo que se están transfiriendo desde otro certificador.
A4: ** ESTA PLANILLA ES NECESARIA PARA DOCUMENTAR LA INFORMACION REQUERIDA Y ENTREGARLA A OCIA**
A5: LISTA DE PRODUCTORES TRANSFIRIÉNDOSE DE OTRO CERTIFICADOR
A6: # | B6: Código: Número de Documento Personal | C6: PRIMER NOMBRE DEL PRODUCTOR | D6: SEGUNDO NOMBRE DEL PRODUCTOR | E6: PRIMER APELLIDO DEL PRODUCTOR | F6: SEGUNDO APELLIDO DEL PRODUCTOR | G6: Estatus: Orgánico o Cal, T3, T2, T1. | H6: NOMBRE DE LA COMUNIDAD O SUB GRUPO | I6: FECHA DE LA ÚLTIMA APLICACIÓN DE INSUMOS PROHIBDOS | J6: FECHA DE ENTRADA AL PROGRAMA ORGANICO DEL CERTIFICADOR ANTERIOR | K6: FECHA DE LA PRIMERA Inspección INTERNA | L6: FECHA DE LA ULTIMA Inspección INTERNA | M6: FECHA DE LA ULTIMA Inspección EXTERNA | N6: ÁREA TOTAL DE LA FINCA (ha) | O6: CULTIVO EN PRODUCCIÓN PARALELA O EN PRODUCCIÓN MIXTA *No aplica para RTPO | P6: AREA EN PRODUCCIÓN PARALELA O MIXTA (ha) *No aplica para RTPO | Q6: HECTÁREAS DE CULTIVO ORGANICO | T6: Información de georeferenciación WGS84 | W6: RENDIMIENTO ESTIMADO (Kilogramos) | X6: HECTÁREAS DE CULTIVO EN TRANSICIÓN (T1, T2, T3) | Z6: Información de georeferenciación WGS84 | AC6: RENDIMIENTOS ESTIMADOS (kilogramos)
Q7: Cultivo en crecimiento (Solo perennes) | R7: Cultivo en producción | S7: Cultivo Establecido | T7: # de campos/ha | U7: Solo Perú: Zona UTM 17 18 19 | V7: Este-Norte-Altitud | X7: Cultivo en crecimiento (Solo perennes) | Y7: Cultivo en producción | Z7: # de campos/ha | AA7: Solo Perú: Zona UTM 17 18 19 | AB7: Este-Norte-Altitud
A8: 1 | S8: =Q8+R8 -> 0
A9: 2 | S9: =Q9+R9 -> 0
A10: 3 | S10: =Q10+R10 -> 0
A11: 4 | S11: =Q11+R11 -> 0
A12: 5 | S12: =Q12+R12 -> 0
A13: 6 | S13: =Q13+R13 -> 0
A14: 7 | S14: =Q14+R14 -> 0
A15: 8 | S15: =Q15+R15 -> 0
A16: 9 | S16: =Q16+R16 -> 0
A17: 10 | S17: =Q17+R17 -> 0
A18: 11 | S18: =Q18+R18 -> 0
A19: 12 | S19: =Q19+R19 -> 0
... A107: 100 | S107: =Q107+R107 -> 0

Sheet 10. Reporte UE
A1: Apéndice 10: Información requerida del miembro y grupo para la UE
A2: La UE requiere que los certificadores mantengan esta información para cada grupo. Proporcione esta información para cada miembro del grupo e ingrésela en el apéndice apropiado.
A4: ID de la Operación: | B4: =Instrucciones!B3 -> 0
A5: Nombre del CGG: | B5: =Instrucciones!B4 -> 0
A7: Código: Número de Documento Personal | B7: PRIMER NOMBRE DEL PRODUCTOR | C7: SEGUNDO NOMBRE DEL PRODUCTOR | D7: PRIMER APELLIDO DEL PRODUCTOR | E7: SEGUNDO APELLIDO DEL PRODUCTOR | F7: WGS84 información de georreferenciación de la vivienda
A8: =IF('2. Productores UE'!B5=0,"",'2. Productores UE'!B5) | B8: =IF('2. Productores UE'!C5=0,"",'2. Productores UE'!C5) | C8: =IF('2. Productores UE'!D5=0,"",'2. Productores UE'!D5) | D8: =IF('2. Productores UE'!E5=0,"",'2. Productores UE'!E5) | E8: =IF('2. Productores UE'!F5=0,"",'2. Productores UE'!F5) | F8: =IF('2. Productores UE'!V5=0,"",'2. Productores UE'!V5)
A9: =IF('2. Productores UE'!B6=0,"",'2. Productores UE'!B6) | B9: =IF('2. Productores UE'!C6=0,"",'2. Productores UE'!C6) | C9: =IF('2. Productores UE'!D6=0,"",'2. Productores UE'!D6) | D9: =IF('2. Productores UE'!E6=0,"",'2. Productores UE'!E6) | E9: =IF('2. Productores UE'!F6=0,"",'2. Productores UE'!F6) | F9: =IF('2. Productores UE'!V6=0,"",'2. Productores UE'!V6)
A10: =IF('2. Productores UE'!B7=0,"",'2. Productores UE'!B7) | B10: =IF('2. Productores UE'!C7=0,"",'2. Productores UE'!C7) | C10: =IF('2. Productores UE'!D7=0,"",'2. Productores UE'!D7) | D10: =IF('2. Productores UE'!E7=0,"",'2. Productores UE'!E7) | E10: =IF('2. Productores UE'!F7=0,"",'2. Productores UE'!F7) | F10: =IF('2. Productores UE'!V7=0,"",'2. Productores UE'!V7)
A11: =IF('2. Productores UE'!B8=0,"",'2. Productores UE'!B8) | B11: =IF('2. Productores UE'!C8=0,"",'2. Productores UE'!C8) | C11: =IF('2. Productores UE'!D8=0,"",'2. Productores UE'!D8) | D11: =IF('2. Productores UE'!E8=0,"",'2. Productores UE'!E8) | E11: =IF('2. Productores UE'!F8=0,"",'2. Productores UE'!F8) | F11: =IF('2. Productores UE'!V8=0,"",'2. Productores UE'!V8)
A12: =IF('2. Productores UE'!B9=0,"",'2. Productores UE'!B9) | B12: =IF('2. Productores UE'!C9=0,"",'2. Productores UE'!C9) | C12: =IF('2. Productores UE'!D9=0,"",'2. Productores UE'!D9) | D12: =IF('2. Productores UE'!E9=0,"",'2. Productores UE'!E9) | E12: =IF('2. Productores UE'!F9=0,"",'2. Productores UE'!F9) | F12: =IF('2. Productores UE'!V9=0,"",'2. Productores UE'!V9)
A13: =IF('2. Productores UE'!B10=0,"",'2. Productores UE'!B10) | B13: =IF('2. Productores UE'!C10=0,"",'2. Productores UE'!C10) | C13: =IF('2. Productores UE'!D10=0,"",'2. Productores UE'!D10) | D13: =IF('2. Productores UE'!E10=0,"",'2. Productores UE'!E10) | E13: =IF('2. Productores UE'!F10=0,"",'2. Productores UE'!F10) | F13: =IF('2. Productores UE'!V10=0,"",'2. Productores UE'!V10)
A14: =IF('2. Productores UE'!B11=0,"",'2. Productores UE'!B11) | B14: =IF('2. Productores UE'!C11=0,"",'2. Productores UE'!C11) | C14: =IF('2. Productores UE'!D11=0,"",'2. Productores UE'!D11) | D14: =IF('2. Productores UE'!E11=0,"",'2. Productores UE'!E11) | E14: =IF('2. Productores UE'!F11=0,"",'2. Productores UE'!F11) | F14: =IF('2. Productores UE'!V11=0,"",'2. Productores UE'!V11)
A15: =IF('2. Productores UE'!B12=0,"",'2. Productores UE'!B12) | B15: =IF('2. Productores UE'!C12=0,"",'2. Productores UE'!C12) | C15: =IF('2. Productores UE'!D12=0,"",'2. Productores UE'!D12) | D15: =IF('2. Productores UE'!E12=0,"",'2. Productores UE'!E12) | E15: =IF('2. Productores UE'!F12=0,"",'2. Productores UE'!F12) | F15: =IF('2. Productores UE'!V12=0,"",'2. Productores UE'!V12)
A16: =IF('2. Productores UE'!B13=0,"",'2. Productores UE'!B13) | B16: =IF('2. Productores UE'!C13=0,"",'2. Productores UE'!C13) | C16: =IF('2. Productores UE'!D13=0,"",'2. Productores UE'!D13) | D16: =IF('2. Productores UE'!E13=0,"",'2. Productores UE'!E13) | E16: =IF('2. Productores UE'!F13=0,"",'2. Productores UE'!F13) | F16: =IF('2. Productores UE'!V13=0,"",'2. Productores UE'!V13)
A17: =IF('2. Productores UE'!B14=0,"",'2. Productores UE'!B14) | B17: =IF('2. Productores UE'!C14=0,"",'2. Productores UE'!C14) | C17: =IF('2. Productores UE'!D14=0,"",'2. Productores UE'!D14) | D17: =IF('2. Productores UE'!E14=0,"",'2. Productores UE'!E14) | E17: =IF('2. Productores UE'!F14=0,"",'2. Productores UE'!F14) | F17: =IF('2. Productores UE'!V14=0,"",'2. Productores UE'!V14)
A18: =IF('2. Productores UE'!B15=0,"",'2. Productores UE'!B15) | B18: =IF('2. Productores UE'!C15=0,"",'2. Productores UE'!C15) | C18: =IF('2. Productores UE'!D15=0,"",'2. Productores UE'!D15) | D18: =IF('2. Productores UE'!E15=0,"",'2. Productores UE'!E15) | E18: =IF('2. Productores UE'!F15=0,"",'2. Productores UE'!F15) | F18: =IF('2. Productores UE'!V15=0,"",'2. Productores UE'!V15)
A19: =IF('2. Productores UE'!B16=0,"",'2. Productores UE'!B16) | B19: =IF('2. Productores UE'!C16=0,"",'2. Productores UE'!C16) | C19: =IF('2. Productores UE'!D16=0,"",'2. Productores UE'!D16) | D19: =IF('2. Productores UE'!E16=0,"",'2. Productores UE'!E16) | E19: =IF('2. Productores UE'!F16=0,"",'2. Productores UE'!F16) | F19: =IF('2. Productores UE'!V16=0,"",'2. Productores UE'!V16)
... A1007: =IF('2. Productores UE'!B1004=0,"",'2. Productores UE'!B1004) | B1007: =IF('2. Productores UE'!C1004=0,"",'2. Productores UE'!C1004) | C1007: =IF('2. Productores UE'!D1004=0,"",'2. Productores UE'!D1004) | D1007: =IF('2. Productores UE'!E1004=0,"",'2. Productores UE'!E1004) | E1007: =IF('2. Productores UE'!F1004=0,"",'2. Productores UE'!F1004) | F1007: =IF('2. Productores UE'!V1004=0,"",'2. Productores UE'!V1004)

Sheet 11. Calculos de Inspección
A1: Formato de Cálculos de Miembros a Inspeccionar
A2: ** ESTA PLANILLA ES NECESARIA PARA DOCUMENTAR LA INFORMACION REQUERIDA Y ENTREGARLA A OCIA** Para ser llenado (todo lo gris) por el inspector y el operador al cierre de la inspección. Llenar el número de Miembros de la columna B y esta información alimentará automáticamente el cuadro verde de la columna C a la J. Esta matriz calcula automáticamente cual es el tamaño mínimo de la muestra de inspección según cada una de los programas de certificación de la columna (G a la J). Cada hilera representa este cálculo con base al riesgo de la Evaluación del Sistema de Control Interno del grupo. Seleccione el valor más alto con base al riesgo o situación en los programas que aplican para la operación. Verificar que el valor de las hileras del cuadro verde cuadro G8 al J12 sean mayores a los valores de la hilera 13. Si no lo son, el valor de la hilera G13 a J13 que representa el Número Mínimo de Miembros para pequeños CGG será considerado el número mínimo a inspeccionar. Solo se puede seleccionar una opción en la columna F ya que una operación no puede pertenecer a dos niveles diferentes de riesgo.
A4: ID de la Operación | C4: =Instrucciones!B3 -> 0
A5: Nombre del Grupo: | C5: =Instrucciones!B4 -> 0
A6: Nombre del Inspector:
A7: Fecha de Llenado del Formato:
A9: Grupo - UN MIEMBRO NO PUEDE PERTENECER A 2 CATEGORIAS DIFERENTES | B9: Número Total de Miembros en esta Categoría. | C9: Selección del Tamaño Mínimo de la Muestra Según Evaluación del Sistema Interno de Control en la columna C. Recuerde que solo puede seleccionar un valor en la columna F. Si comete un error, borre la palabra Si de la celda con el botón "Del". Los valores más altos de cada hilera se marcaran en amarillo. Los valores que no aplican dirán "N/A".
A10: T1 | C10: Situación de la Operación y Riesgo del SCI | F10: Solo Una Opción | G10: NOP | H10: EU | I10: RTPO | J10: LPO
A11: T2 | C11: Nueva Solicitud | G11: =IF(F11=0,"N/A",ROUNDUP(SQRT(B$15)*1.4,0)) -> N/A | H11: =IF(F11=0,"N/A",ROUNDUP(B$15*0.06,0)) -> N/A | I11: =IF(F11=0,"N/A",ROUNDUP(B$15*0.06,0)) -> N/A | J11: =IF(F11=0,"N/A",ROUNDUP(SQRT(B$15)*1.4,0)) -> N/A
A12: T3 | C12: Renovación de Bajo Riesgo | G12: =IF(F12=0,"N/A",ROUNDUP(SQRT(B$15)*1.4,0)) -> N/A | H12: =IF(F12=0,"N/A",ROUNDUP(B$15*0.05,0)) -> N/A | I12: =IF(F12=0,"N/A",ROUNDUP(B$15*0.05,0)) -> N/A | J12: =IF(F12=0,"N/A",ROUNDUP(SQRT(B$15),0)) -> N/A
A13: Califican | C13: Renovación de Medio Riesgo | G13: =IF(F13=0,"N/A",ROUNDUP(SQRT(B$15)*1.4,0)) -> N/A | H13: =IF(F13=0,"N/A",ROUNDUP(B$15*0.05,0)) -> N/A | I13: =IF(F13=0,"N/A",ROUNDUP(B$15*0.05,0)) -> N/A | J13: =IF(F13=0,"N/A",ROUNDUP(SQRT(B$15)*1.2,0)) -> N/A
A14: Orgánicos | C14: Renovación de Alto Riesgo | G14: =IF(F14=0,"N/A",ROUNDUP(SQRT(B$15)*1.4,0)) -> N/A | H14: =IF(F14=0,"N/A",ROUNDUP(B$15*0.06,0)) -> N/A | I14: =IF(F14=0,"N/A",ROUNDUP(B$15*0.06,0)) -> N/A | J14: =IF(F14=0,"N/A",ROUNDUP(SQRT(B$15)*1.4,0)) -> N/A
A15: Total | B15: =SUM(B10:B14) -> 0 | C15: Número Mínimo de Miembros para Pequeños CGG | G15: =ROUNDUP(B15*0.02,0) -> 0 | H15: =ROUNDUP(B15*0.05,0) -> 0 | I15: =ROUNDUP(B15*0.05,0) -> 0 | J15: 10
A17: Inspecciones Realizadas:
A18: No incluya a los miembros del grupo en más de una categoría. Por ejemplo: si un productor es un nuevo miembro, no lo incluya también en la categoría de T1. Otro ejemplo: si un productor está clasificado como de alto riesgo, no lo incluya también en los grupos T1, T2, T3 u orgánico.
A19: Número de Inspectores Internos en el Grupo de Productores Certificados:
A20: Productores de alto riesgo. Para el Programa EU y RTPO, todos los productores de alto riesgo deben de ser inspeccionados. Estos pueden formar parte del número mínimo para otros programas:
A21: Nuevos miembros (si no están incluidos en T1):
A22: Miembros Orgánicos Inspeccionados:
A23: Miembros T1 Inspeccionados:
A24: Miembros T2 Inspeccionados:
A25: Miembros T3 Inspeccionados:
A26: Total de Productores Inspeccionados: | F26: =SUM(F20:F25) -> 0

Sheet 12. Información UE del Grupo
A1: Apéndice 12: Información requerida para UE (PARA USO DEL INSPECTOR SOLAMENTE)
A2: La UE solicita esta información para cada grupo de productores anualmente. **ESTE FORMULARIO SE REQUIERE PARA DOCUMENTAR LA INFORMACIÓN SOLICITADA POR LA UE Y PRESENTARLA A OCIA**
A4: ID de la Operación: | B4: =Instrucciones!B3 -> 0
A5: Nombre del CGG: | B5: =Instrucciones!B4 -> 0
A6: *** para ser llenado por el inspector externo y el operador al cierre de la inspección***
A7: Número total de miembros en el grupo (Orgánicos, T3, T2, T1, Convencionales) | B7: Principal(es) producto(s) producido(s) (por ejemplo, cacao, café) | C7: Código CN para el/los producto (s) | D7: Descripción de todas las actividades de cada certificación de grupo y número de miembros por categoría según su actividad (agricultores, procesadores, etc.) para cada certificación del grupo | E7: Número total de Parcelas del Grupo | F7: Superficie total (ha) cubierta por el Grupo | G7: Tamaño promedio de las parcelas del Grupo (F/E) | H7: Número total de Inspectores Internos | I7: Número total de productores inspeccionados | J7: Número total de muestras tomadas
G9: =F9/E9 -> #DIV/0! | H9: ='11. Calculos de Inspección'!F19 -> 0 | I9: =SUM('11. Calculos de Inspección'!F19:J25) -> 0

Sheet 13. Balance de masas
A1: Apéndice 13: Balance de masas (PARA USO DEL INSPECTOR SOLAMENTE)
A2: Nombre del Operador | C2: =Instrucciones!B4 -> 0 | F2: ID | G2: =Instrucciones!B3 -> 0 | H2: Fecha de Inspección | J2: Mes/Día/Año
A3: Esta información debe ser del año calendario anterior (1 de enero al 31 de diciembre). Si es necesario, adjunte hojas adicionales. Utilice las listas de productores y el Módulo C2.0 como referencia.
A5: Esta información es del día: | D5: 1/01/20XX | E5: al día: | F5: 31/12/20XX
A6: Cultivo/Producto | C6: Área de Producción (ha) | D6: Cantidad estimada (kg) | E6: Cantidad realmente producida (kg) | F6: Remanente de la cosecha anterior (kg) | G6: Cantidad vendida (kg) | H6: Programa de Certificación | I6: Cantidad todavía en stock /Tipo de producto | J6: Año de cosecha y ubicación del inventario
I7: =E7+F7-G7 -> 0
I8: =E8+F8-G8 -> 0
I9: =E9+F9-G9 -> 0
I10: =E10+F10-G10 -> 0
I11: =E11+F11-G11 -> 0
I12: =E12+F12-G12 -> 0
A14: INSTRUCCIONES: Inspector, esta tabla respalda el balance de masas que se debe realizar en la operación inspeccionada. Basado en el Módulo C19 actual versus el Módulo C2 del ciclo anterior firmado por el operador y el inspector.
A16: Las Celdas = E6 + F6-G6 = Se han programado para que se coloque la información correspondiente en cada celda: E = La cantidad realmente producida; F = remanente de cosecha anterior; G = Cantidad vendida; I = Resultado del producto en stock.
A20: Tenga en cuenta que en la celda H debe escribir el programa de certificación bajo el cual se realizó la venta / exportación Esta hoja de cálculo debe adjuntarse a su informe de inspección como parte del soporte documental en la Sección 12.

Sheet 14. Retroactivos UE
A2: Totales: | E2: =COUNTA(E4:E1004) -> 0 | F2: =SUM(F4:F1004) -> 0 | H2: =SUM(H4:H1004) -> 0
A3: Indique si está solicitando certificación retroactiva. | B3: Código: Número de Documento Personal | C3: PRIMER NOMBRE DEL PRODUCTOR | D3: SEGUNDO NOMBRE DEL PRODUCTOR | E3: PRIMER APELLIDO DEL PRODUCTOR | F3: SEGUNDO APELLIDO DEL PRODUCTOR | G3: Georreferenciación Este-Norte-Altitud | H3: RENDIMIENTOS ESTIMADOS (kilogramos) | I3: Hectáreas de Cultivo en Producción (Más de 5.0 Ha corren riesgo de ya no calificar al programa si sus ingresos sobrepasan 25,000 Euros)
A4: (blank)
A5: (blank) Total
